 Dungeon Crawl Stone Soup version 0.24-a0-447-ge8da9206dc (webtiles) character file.

Game seed: 5903306345734066558

770835 drasked the Heavyweight Champion (level 27, -20/274 HPs)
             Began as a Troll Monk on June 25, 2019.
             Was the Champion of Okawaru.
             Killed from afar by a lich (43 damage)
             ... with a lance of force
             ... on level 1 of the Tomb of the Ancients.
             The game lasted 06:29:58 (71209 turns).

drasked the Heavyweight Champion (Troll Monk)      Turns: 71209, Time: 06:29:59

Health: -20/274    AC: 40    Str: 42    XL:     27
Magic:  12/19      EV: 10    Int:  4    God:    Okawaru [******]
Gold:   6815       SH: 34    Dex: 10    Spells: 26/26 levels left

rFire    + + .     SeeInvis .     - Unarmed
rCold    + + .     Gourm    +   O - +8 large shield {AC+3} {AC+3}
rNeg     + + +     Faith    +   y - +5 gold dragon scales
rPois    +         Spirit   .   j - +2 hat {MR+} {MR+}
rElec    +         Reflect  .   u - +4 dragonskin cloak
rCorr    .         Harm     .   (gloves unavailable)
MR       +++..                  (boots unavailable)
Stlth    ..........             S - amulet "Seoruodgh" {Faith +Blink}
HPRegen  0.95/turn              V - ring "Gacuf" {rElec rPois rN++ Int-2 Stlth-}
MPRegen  0.16/turn              F - ring "Bonkumi" {rF+ rC+ rN+ MP-9 Str+6}

@: lethally poisoned (-20 -> -32), heroism, finesse, studying Poison Magic
A: large, unfitting armour, claws 3, blurry vision 2, clumsy 1, deformed body,
fast metabolism 3, frail 1, gourmand, regeneration 1, screaming 1, shaggy fur 1,
tough skin 3, subdued magic 1
}: 4/15 runes: barnacled, slimy, silver, gossamer
a: Heroism, Finesse, Renounce Religion, Evoke Blink


You were on level 1 of the Tomb of the Ancients.
You worshipped Okawaru.
Okawaru was exalted by your worship.
You were very full.

You visited 13 branches of the dungeon, and saw 57 of its levels.
You visited the Abyss 2 times.
You also visited: Bailey.

You collected 7279 gold pieces.
You spent 464 gold pieces at shops.

Inventory:

Missiles
 a - 102 large rocks (quivered) {!d!d}
Armour
 j - a +2 hat of magic resistance (worn) {MR+}
   (You took it off Gastronok on level 10 of the Dungeon)
 u - the +4 dragonskin cloak (worn)
   (You took it off Tiamat on level 1 of the Realm of Zot)
 x - the +0 cloak "Rokeruor" {rC- rN+ Regen+ Stlth+}
   (Okawaru gifted it to you on level 1 of the Abyss)

   It makes you vulnerable to cold.
   It protects you from negative energy.
   It increases your rate of regeneration.
   It makes you more stealthy.
 y - +5 gold dragon scales (worn)
   (You found it on level 3 of the Realm of Zot)
 O - a +8 large shield of protection (worn) {AC+3}
   (Okawaru gifted it to you on level 1 of the Lair of Beasts)
Jewellery
 C - an uncursed ring of resist corrosion
   (You found it on level 3 of the Lair of Beasts)
 F - the ring "Bonkumi" (right claw) {rF+ rC+ rN+ MP-9 Str+6}
   (You found it on level 3 of the Depths)

   [ring of protection from cold]

   It affects your strength (+6).
   It protects you from fire.
   It protects you from cold.
   It protects you from negative energy.
   It affects your magic capacity (-9).
 S - the amulet "Seoruodgh" (around neck) {Faith +Blink}
   (You found it in a bailey)

   [amulet of faith]

   It allows you to gain divine favour quickly.
   It lets you blink.
 V - the ring "Gacuf" (left claw) {rElec rPois rN++ Int-2 Stlth-}
   (You found it on level 3 of the Depths)

   [ring of attention]

   It affects your intelligence (-2).
   It insulates you from electricity.
   It protects you from poison.
   It greatly protects you from negative energy.
   It makes you less stealthy.
Wands
 D - a wand of digging (8)
   (You found it on level 10 of the Dungeon)
Scrolls
 b - 9 scrolls of magic mapping {!r!r}
 f - 5 scrolls of fog
 g - 9 scrolls of fear
 i - 34 scrolls of identify
 k - 4 scrolls of holy word {!r!r}
 m - a scroll of amnesia
 t - 26 scrolls of teleportation
 w - 31 scrolls of remove curse
 A - 15 scrolls of immolation {!r!r}
 B - 6 scrolls of blinking {!r!r}
 M - 2 scrolls of enchant weapon
 T - 2 scrolls of silence
Potions
 d - 3 potions of might
 h - 4 potions of haste
 l - 10 potions of heal wounds
 n - 5 potions of resistance
 o - 4 potions of invisibility
 q - 33 potions of curing
 r - 9 potions of flight
 v - 6 potions of ambrosia
 z - 4 potions of agility
 E - 4 potions of brilliance
 G - 10 potions of berserk rage {!q!q}
 K - 5 potions of cancellation
 L - 11 potions of lignification {!q!q}
 Q - 2 potions of magic
Books
 U - a manual of Poison Magic {!d!d}
   (You found it on level 5 of the Pits of Slime)
Miscellaneous
 c - 4 sacks of spiders
 p - 7 boxes of beasts
 s - a lightning rod (4/4)
   (You found it on level 3 of the Vaults)
 H - a lamp of fire
   (You found it on level 3 of the Crypt)
 J - a crystal ball of energy
   (You found it on level 5 of the Vaults)
Comestibles
 e - 80 rations


   Skills:
 + Level 23.2(27) Fighting
 - Level 11.0(16.0) Throwing
 + Level 23.8(27) Armour
 - Level 2.4(7.4) Dodging
 - Level 1.0(6.0) Stealth
 - Level 15.0(20.0) Shields
 O Level 27 Unarmed Combat
 - Level 8.0 Invocations


You had 26 spell levels left.
You didn't know any spells.
Your spell library contained the following spells:

 Spells                   Type           Power        Failure   Level  Hunger
 Animate Skeleton         Necr           N/A          86%         1    ##.....
 Confusing Touch          Hex            #.....       86%         1    ##.....
 Corona                   Hex            #......      86%         1    ##.....
 Flame Tongue             Conj/Fire      #....        86%         1    ##.....
 Magic Dart               Conj           #...         86%         1    ##.....
 Pain                     Necr           #...         86%         1    ##.....
 Sandblast                Erth           #.....       86%         1    ##.....
 Sting                    Conj/Pois      #...         86%         1    ##.....
 Blink                    Tloc           N/A          95%         2    ###....
 Call Imp                 Summ           #.......     95%         2    ###....
 Passwall                 Tmut/Erth      #.......     95%         2    ###....
 Poisonous Vapours        Pois/Air       #.....       95%         2    ###....
 Slow                     Hex            #.......     95%         2    ###....
 Sublimation of Blood     Necr           #.........   95%         2    ###....
 Throw Flame              Conj/Fire      #.....       95%         2    ###....
 Confuse                  Hex            #.......     99%         3    ####...
 Conjure Flame            Conj/Fire      #.......     99%         3    ####...
 Gell's Gravitas          Tloc           #.........   99%         3    ####...
 Ignite Poison            Fire/Tmut/Pois #.......     99%         3    ####...
 Inner Flame              Hex/Fire       #.......     99%         3    ####...
 Lesser Beckoning         Tloc           #.........   99%         3    ####...
 Mephitic Cloud           Conj/Pois/Air  #.......     99%         3    ####...
 Portal Projectile        Hex/Tloc       #.....       99%         3    ####...
 Recall                   Summ/Tloc      N/A          99%         3    ####...
 Regeneration             Chrm/Necr      #.........   99%         3    ####...
 Static Discharge         Conj/Air       #.......     99%         3    ####...
 Stone Arrow              Conj/Erth      #.....       99%         3    ####...
 Vampiric Draining        Necr           #.........   99%         3    ####...
 Animate Dead             Necr           N/A          100%        4    #####..
 Cause Fear               Hex            #.........   100%        4    #####..
 Force Lance              Conj/Tloc      #.......     100%        4    #####..
 Ice Form                 Ice/Tmut       #.......     100%        4    #####..
 Iskenderun's Mystic Bla  Conj           #.......     100%        4    #####..
 Olgreb's Toxic Radiance  Pois           #.......     100%        4    #####..
 Passage of Golubria      Tloc           N/A          100%        4    #####..
 Petrify                  Tmut/Erth      #.......     100%        4    #####..
 Sticky Flame             Conj/Fire      #.......     100%        4    #####..
 Agony                    Necr           #.......     100%        5    ######.
 Aura of Abjuration       Summ           #.........   100%        5    ######.
 Fireball                 Conj/Fire      #.........   100%        5    ######.
 Lee's Rapid Deconstruct  Erth           #.........   100%        5    ######.
 Lightning Bolt           Conj/Air       #.........   100%        5    ######.
 Metabolic Englaciation   Hex/Ice        #.........   100%        5    ######.
 Summon Demon             Summ           #.........   100%        5    ######.
 Summon Forest            Summ/Tloc      #.........   100%        5    ######.
 Summon Mana Viper        Hex/Summ       #.......     100%        5    ######.
 Venom Bolt               Conj/Pois      #.........   100%        5    ######.
 Yara's Violent Unravell  Hex/Tmut       #.........   100%        5    ######.
 Bolt of Cold             Conj/Ice       #.........   100%        6    #######
 Bolt of Fire             Conj/Fire      #.........   100%        6    #######
 Death Channel            Necr           #.........   100%        6    #######
 Dispersal                Tloc           #.........   100%        6    #######
 Freezing Cloud           Conj/Ice/Air   #.........   100%        6    #######
 Ozocubu's Refrigeration  Ice            #.........   100%        6    #######
 Poison Arrow             Conj/Pois      #.........   100%        6    #######
 Shadow Creatures         Summ           N/A          100%        6    #######
 Simulacrum               Ice/Necr       #.........   100%        6    #######
 Dragon Form              Tmut           #.........   100%        7    #######
 Haunt                    Necr/Summ      #.........   100%        7    #######
 Malign Gateway           Summ/Tloc      #.........   100%        7    #######
 Ring of Flames           Chrm/Fire      #.........   100%        7    #######
 Borgnjor's Revivificati  Necr           #.........   100%        8    #######
 Chain Lightning          Conj/Air       #.........   100%        8    #######
 Controlled Blink         Tloc           N/A          100%        8    #######
 Death's Door             Chrm/Necr      #.........   100%        8    #######
 Disjunction              Tloc           #.........   100%        8    #######
 Ignition                 Fire           #.........   100%        8    #######
 Infestation              Necr           #.........   100%        8    #######
 Lehudib's Crystal Spear  Conj/Erth      #.........   100%        8    #######
 Necromutation            Tmut/Necr      #.........   100%        8    #######
 Dragon's Call            Summ           #.........   100%        9    #######
 Fire Storm               Conj/Fire      #.........   100%        9    #######
 Glaciate                 Conj/Ice       #.........   100%        9    #######
 Shatter                  Erth           #.........   100%        9    #######
 Tornado                  Air            #.........   100%        9    #######


Dungeon Overview and Level Annotations

Branches:
Dungeon (15/15)            Temple (1/1) D:6            Lair (6/6) D:8
 Shoals (4/4) Lair:3       Spider (4/4) Lair:3        Slime (5/5) Lair:6
    Orc (2/2) D:11            Elf (1/3) Orc:2        Vaults (5/5) D:14
  Crypt (3/3) Vaults:3       Tomb (1/3) Crypt:3      Depths (5/5) D:15
    Zot (5/5) Depths:5

Altars:
Ashenzari
Cheibriados
Dithmenos
Elyvilon
Fedhas
Gozag
Hepliaklqana
Kikubaaqudgha
Makhleb
Nemelex Xobeh
Okawaru
Qazlal
Ru
Sif Muna
Trog
Uskayaw
Vehumet
Wu Jian
Xom
Yredelemnul
Zin
The Shining One
Beogh
Jiyva

Shops:
D:8 *   D:9 *   D:11 =?[[=   Orc:2 *?([   Shoals:4 [   Vaults:2 *   Depths:1 [}
Depths:2 (*   Depths:4 :   Depths:5 ?

Portals:
Hell: Depths:1 Depths:2 Depths:3 Depths:4 Depths:5
Abyss: Depths:3 Depths:4
Pandemonium: Depths:3
Ziggurat: Depths:3

Annotations:
D:3 exclusion: Sigmund, Sigmund
D:4 3 runed translucent doors, exclusion: Edmund, Edmund; KristoblXynda's ghost, amateur MiBe
Lair:6 3 runed translucent doors, hitsuchi's ghost, journeyman OpFi
Zot:5 2 runed translucent doors, melvinkitnick's ghost, legendary GrEE


Innate Abilities, Weirdness & Mutations

You are too large for most types of armour.
You have claws for hands.
Your metabolism is lightning-fast.
You like to eat raw meat.
Your natural rate of healing is unusually fast.
You are covered in fur. (AC +1)
You have extremely tough skin. (AC +3)
Scrolls take you longer to read.
You are clumsy. (Dex -2)
Armour fits poorly on your strangely shaped body.
You are frail. (-10% HP)
You occasionally shout uncontrollably at your foes.
Your spells are a little easier to cast, but a little less powerful.


Message History

The greater mummy mumbles some strange words.
You block the wraith's attack.
The lich mumbles some strange words.
You eviscerate the death scarab!!!
You destroy the death scarab!
The death scarab's corpse disappears in a puff of smoke!
You eviscerate something!!!
Reactivating autopickup.
The greater mummy gestures wildly while chanting.
You block the wraith's attack. You block the jiangshi's attack.
The jiangshi closely misses you.
You barely miss the jiangshi. You block the jiangshi's attack. x2
You eviscerate the jiangshi!!! You block the death scarab's attack.
You block the wraith's attack.
You eviscerate the wraith!!!
You destroy the wraith!
You block the death scarab's attack.
A skeletal warrior comes into view.
It is wielding a +0 halberd of freezing.
The Tzitzimitl roars!
You block the death scarab's attack. You block the jiangshi's attack.
The jiangshi claws you but does no damage.
You block the hungry ghost's attack.
The greater mummy casts a spell.
The Tzitzimitl calls on the powers of darkness!
The emperor scorpion convulses!
Your body is wracked with pain!
* * * LOW HITPOINT WARNING * * *
The emperor scorpion convulses! x2; The emperor scorpion stings you!
* * * LOW HITPOINT WARNING * * *
You block the emperor scorpion's attack. x2
The lich casts a spell.
A revenant comes into view.
You take 59 damage, and have 96/270 hp.
MASSIVE DAMAGE!!
You eviscerate the greater mummy!!!! You block the jiangshi's attack.
The jiangshi claws you but does no damage.
The death scarab bites you but does no damage.
You block the death scarab's attack. You block the hungry ghost's attack.
The greater mummy calls on the powers of darkness!
Your body is wracked with pain!
* * * LOW HITPOINT WARNING * * *
The emperor scorpion convulses! x3
You take 32 damage, and have 64/270 hp.
You gain the combat prowess of a mighty hero.
You block the death scarab's attack. x2
The death scarab waves its antennae.
You block the jiangshi's attack. The jiangshi claws you.
* * * LOW HITPOINT WARNING * * *
You block the death scarab's attack. The emperor scorpion stings you.
* * * LOW HITPOINT WARNING * * *
You are poisoned.
The emperor scorpion poisons you!
The emperor scorpion claws you but does no damage. x2
The emperor scorpion stings you but does no damage.
You block the emperor scorpion's attack.
The emperor scorpion claws you but does no damage.
The death scarab closely misses you. You block the jiangshi's attack.
The jiangshi misses you.
The death scarab bites you but does no damage.
The greater mummy mumbles some strange words.
You take 7 damage, and have 57/270 hp.
You now have 17/19 mp.
You can now deal lightning-fast blows.
You feel very sick. You block the death scarab's attack. x2
The death scarab bites you but does no damage.
You block the jiangshi's attack. x2
The Tzitzimitl calls on the powers of darkness!
The emperor scorpion convulses!
Your body is wracked with pain!
* * * LOW HITPOINT WARNING * * *
The emperor scorpion convulses! x2
The emperor scorpion stings you but does no damage.
The emperor scorpion claws you!
* * * LOW HITPOINT WARNING * * *
The emperor scorpion claws you but does no damage.
You block the emperor scorpion's attack.
The emperor scorpion claws you but does no damage. x2
The death scarab bites you but does no damage.
The death scarab bites you!
* * * LOW HITPOINT WARNING * * *
A mummy priest comes into view.
The mummy priest mumbles some strange prayers to its god against you.
Something smites you!
* * * LOW HITPOINT WARNING * * *
The jiangshi claws you but does no damage. x2
The greater mummy hits you but does no damage.
You take 46 damage, and have 11/270 hp.
You now have 12/19 mp.
You feel much better.
You feel sick. You block the death scarab's attack. x2
The death scarab bites you but does no damage.
The death scarab closely misses you.
You block the emperor scorpion's attack.
The emperor scorpion claws you.
* * * LOW HITPOINT WARNING * * *
The emperor scorpion claws you but does no damage.
The emperor scorpion stings you but does no damage.
The emperor scorpion claws you but does no damage.
You block the emperor scorpion's attack.
The lich casts a spell at you. The lance of force hits you!!!
You die...

#....M..# #....M..# #.8...8.#
#......L# #.....Mz# #.8..M81#
#########.....ss#################
..)..........VWLVss..............
.÷).......8..18M@.s..............
...............ssss..............
................s.s..............
.................................
...........⌠.⌠...................
.................................
.................................
.................................
.................................


You could see a greater mummy, 3 emperor scorpions, a Tzitzimitl, an Ice Fiend,
a revenant, a lich, 2 mummy priests, a skeletal warrior, a jiangshi, a hungry
ghost, a vampire, 8 death scarabs and a mummy.

Levels and vault maps discovered:
D:1:      nicolae_arrival_washed_ashore, layout_rooms, minmay_hedge_maze
D:2:      layout_basic
D:3:      layout_basic, chequers_temple_overflow_statue_of_worship,
          okawaru_trees_1, first_ration, grunt_ministairs_5, uniq_sigmund
D:4:      layout_loops_ring, nicolae_overflow_crystal_walls, minitemple,
          kennysheep_little_box, ebering_ghost_gozag, uniq_edmund
D:5:      layout_basic, yredelemnul_forgotten_temple_becter
D:6:      layout_rooms, minmay_temple_entry_statues_fountains, uniq_grinder,
          uniq_duvessa
D:7:      layout_gridville, uniq_pikel
D:8:      cheibrodos_quashed, layout_basic,
          nicolae_dithmenos_through_a_glass_darkly, dpeg_lair_monsters,
          serial_shops, nicolae_shop_behind_doors, uniq_joseph
D:9:      layout_roguey, serial_shops, shop
D:10:     layout_roguey, uniq_gastronok, uniq_josephine
D:11:     layout_loops_ring, orc_david_3, serial_shops, shop, shop,
          kennysheep_mini_moat, shop, gauntlet_entry_generic, uniq_fannar,
          uniq_snorg, uniq_urug
D:12:     layout_basic, enter_bailey_8
D:13:     layout_irregular_city
D:14:     layout_roguey, david_vaults_5, tso_metal_star, hangedman_stone_soup,
          uniq_azrael
D:15:     hangedman_depths_entry_try_elsewhere_first, layout_stronghold,
          lemuel_doored_altar
Temple:   minmay_temple_curvy_loop
Lair:1:   layout_cave_pods, infiniplex_staircase_pool, grunt_megastairs_3,
          uniq_grum
Lair:2:   layout_misc_corridors
Lair:3:   beast_lair_carwin_large_1, layout_regular_city,
          minmay_shoals_entry_beasts, nicolae_spider_entry_non_spiders,
          basic_altar
Lair:4:   layout_cave_pods, minivault_24
Lair:5:   layout_gridlike, serial_bayou_shore_b, infiniplex_staircase_pool_2
Lair:6:   guppyfry_lair_end_dragon, layout_layer_cave, slime_altar_1,
          gammafunk_ghost_split
Shoals:1: layout_shoals, argonaut_gorgonesque, uniq_kirke
Shoals:2: layout_shoals
Shoals:3: layout_shoals, nicolae_shoals_kraken_party
Shoals:4: shoals_end_simple, layout_shoals, serial_shops,
          nicolae_shop_overgrown_old_shop
Spider:1: layout_spider_delve, gammafunk_ghost_cemetery
Spider:2: layout_spider_delve
Spider:3: layout_spider_delve, drop_trap
Spider:4: spider_rune_water, hangedman_stitches_earthworm, uniq_arachne
Slime:1:  layout_caves
Slime:2:  layout_caves, cheibrodos_slime_lost_civilization_6
Slime:3:  layout_caves
Slime:4:  layout_caves
Slime:5
Orc:1:    layout_caves, mines2_david
Orc:2:    grunt_orc_community_town_hall, layout_diamond_mine,
          grunt_orc_community_big_house_1, grunt_orc_community_big_house_2,
          grunt_orc_community_house_1, grunt_orc_community_house_2,
          grunt_orc_community_house_1, grunt_orc_community_house_1,
          grunt_orc_community_house_3, grunt_orc_community_house_3
Elf:1:    elf_arrival_002, layout_geoelf_diagonals, special_room
          [special_room_orc], minmay_elf_sorcery
Vaults:1: nicolae_vaults_circle_grid_a, nicolae_vaults_windows_and_doors_thing,
          nicolae_vaults_good_morning_starshine, vaults_dpeg_hooks,
          ontoclasm_vaults_chip, layout_vaults_omnigrid, uniq_asterion
Vaults:2: v_rooms_4, hangedman_vaults_nails, nicolae_vaults_asterisk,
          nicolae_vaults_bisected_inception, v_pattern_5, v_rooms_5,
          vaults_mumra_lcd, nicolae_vaults_mini_display_case,
          nicolae_vaults_network_s, vaults_room_pool, vaults_room_door_ring,
          v_misc_19, serial_ice_m, layout_vaults_chaotic_city, serial_shops,
          nicolae_shop_overgrown_old_shop, uniq_frederick, uniq_nikola
Vaults:3: nicolae_vaults_stairing_the_circle, v_rooms_1, v_rooms_4, v_misc_25,
          grunt_vaults_funnel, nicolae_vaults_network_quincunx
          [nicolae_vaults_network_quincunx_subvault,
          nicolae_vaults_network_quincunx_subvault,
          nicolae_vaults_network_quincunx_subvault,
          nicolae_vaults_network_quincunx_subvault,
          nicolae_vaults_network_quincunx_subvault], v_rooms_2,
          minmay_crypt_entry_simple_sparse, vaults_dpeg_diagonal,
          layout_vaults_maze_snakey, uniq_xtahua
Vaults:4: hangedman_vaults_nodes, hangedman_vaults_corner,
          nicolae_vaults_little_squares_1, vaults_room_fours,
          hangedman_vaults_stitches, ontoclasm_vaults_gateway,
          vaults_room_hallway, v_misc_27, dpeg_vaults_monster_box,
          layout_vaults_omnicross, uniq_mennas, uniq_mara, uniq_margery
Vaults:5
Crypt:1:  layout_chaotic_city
Crypt:2:  layout_chaotic_city, hangedman_crypt_dual_shrines
Crypt:3:  evilmike_haunted_forest, uniq_sojobo
Tomb:1
Depths:1: layout_cave_shapes, solitary_fountain, hellmouth_1, evilmike_minifort,
          minmay_shop_star
Depths:2: cheibrodos_leafed_vault, layout_basic, minmay_misc_feat_rows,
          serial_shops, shop, shop, pf_hell_entry_tar_river, fountainhead,
          uniq_saint_roka
Depths:3: hangedman_spin_cycle, serial_shops, hell_entry, abyss_entry, pan_entry
Depths:4: nooodl_glass_maze, layout_cave_shapes, serial_shops, shop,
          nicolae_abyss_entry_one_way_or_another, hangedman_geh_valley,
          minmay_misc_feat_nine_boxes, minmay_statues_item,
          minmay_staircase_statues
Depths:5: lemuel_castle_with_subvaults [lemuel_castle_interior_carwin_1],
          layout_basic, serial_shops, shop, serial_sigils,
          serial_sigils_hangedman_snap, serial_sigils_hangedman_leer,
          serial_sigils_hangedman_shear, serial_sigils_hangedman_gut, hell_entry
Zot:1:    layout_cathedral_of_symmetry, uniq_tiamat
Zot:2:    layout_misc_corridors
Zot:3:    layout_gridlike
Zot:4:    layout_gridlike, hangedman_spider_trapstep
Zot:5:    layout_basic, ebering_ghost_disaster_area, nicolae_lava_and_water

Notes
Turn   | Place    | Note
-------+----------+-------------------------------------------
     0 | D:1      | drasked the Troll Monk began the quest for the Orb.
     0 | D:1      | Reached XP level 1. HP: 22/22 MP: 0/0
    78 | D:1      | Identified a +0 dagger
   122 | D:1      | Reached XP level 2. HP: 29/29 MP: 1/1
   282 | D:1      | Identified a +0 dagger
   294 | D:1      | Reached skill level 1 in Throwing
   360 | D:1      | Identified a +0 short sword
   361 | D:1      | Reached XP level 3. HP: 36/36 MP: 2/2
   836 | D:2      | Reached skill level 4 in Unarmed Combat
   852 | D:2      | Identified a +0 club
   854 | D:2      | Identified a +0 club
   857 | D:2      | Identified a cursed -1 hunting sling
   860 | D:2      | Reached XP level 4. HP: 39/44 MP: 3/3
   869 | D:2      | Identified a +0 whip
   929 | D:2      | Identified a cursed +0 club
  1008 | D:2      | Reached skill level 3 in Fighting
  1019 | D:2      | Identified a +0 club
  1152 | D:2      | Identified a ring of fire (You found it on level 2 of the
                  | Dungeon)
  1153 | D:2      | Identified a ring of protection (You found it on level 2 of
                  | the Dungeon)
  1159 | D:2      | Identified a +0 cloak (You found it on level 2 of the
                  | Dungeon)
  1159 | D:2      | Identified 3 scrolls of immolation
  1160 | D:2      | Identified 2 scrolls of blinking
  1161 | D:2      | Identified 2 scrolls of remove curse
  1201 | D:3      | Identified a +0 whip
  1221 | D:3      | Found a glowing silver altar of Zin.
  1225 | D:3      | Found a radiant altar of Vehumet.
  1225 | D:3      | Found a white marble altar of Elyvilon.
  1228 | D:3      | Found a sacrificial altar of Ru.
  1323 | D:3      | Identified a +0 dagger
  1600 | D:3      | Identified a +0 club
  1604 | D:3      | Identified a +0 leather armour
  1611 | D:3      | Identified a +0 dagger
  1611 | D:3      | Identified a +0 robe
  1614 | D:3      | Identified a +0 club
  1620 | D:3      | Reached XP level 5. HP: 53/53 MP: 4/4
  1692 | D:3      | Found an iron altar of Okawaru.
  1707 | D:3      | Became a worshipper of Warmaster Okawaru
  1707 | D:3      | Reached * piety under Okawaru
  1707 | D:3      | Reached ** piety under Okawaru
  1741 | D:3      | Identified a +0 whip
  1746 | D:3      | Reached skill level 2 in Throwing
  1973 | D:3      | Identified a +0 scythe
  1973 | D:3      | Identified a +0 robe
  1973 | D:3      | Noticed Sigmund
  2063 | D:3      | Identified a +0 whip
  2154 | D:4      | Found an opulent altar of Gozag.
  2159 | D:4      | Identified a +2 dire flail of crushing
  2159 | D:4      | Identified a +0 chain mail
  2159 | D:4      | Noticed Edmund
  2271 | D:4      | Identified a +0 war axe
  2271 | D:4      | Identified a +0 leather armour
  2274 | D:4      | Identified a +0 mace
  2274 | D:4      | Identified a +0 dagger
  2274 | D:4      | Identified a +2 robe of cold resistance
  2296 | D:4      | Reached skill level 5 in Unarmed Combat
  2348 | D:4      | Identified a +0 club
  2406 | D:4      | Reached XP level 6. HP: 59/61 MP: 5/5
  2454 | D:4      | Found a runed translucent gate.
  2454 | D:4      | Found an opulent altar of Gozag.
  2462 | D:4      | Found a runed translucent gate.
  2462 | D:4      | Found a runed translucent gate.
  2466 | D:4      | Noticed KristoblXynda's ghost (amateur MiBe)
  2490 | D:4      | Found an ancient bone altar of Kikubaaqudgha.
  2596 | D:4      | Found a blossoming altar of Fedhas.
  2610 | D:4      | Found a shattered altar of Ashenzari.
  2801 | D:5      | Entered Level 5 of the Dungeon
  2904 | D:5      | Identified a +0 shortbow
  2992 | D:5      | Found a basalt altar of Yredelemnul.
  3140 | D:5      | Reached skill level 3 in Throwing
  3140 | D:5      | Reached skill level 6 in Unarmed Combat
  3191 | D:5      | Identified a +0 club
  3266 | D:5      | Identified a +0 giant club
  3273 | D:5      | Reached XP level 7. HP: 54/68 MP: 6/6
  3788 | D:5      | Identified 3 scrolls of enchant weapon
  3790 | D:6      | Identified a +0 hand axe
  3790 | D:6      | Identified a +0 dagger
  3790 | D:6      | Identified a +0 robe
  3790 | D:6      | Identified a +2 dagger of venom
  3790 | D:6      | Identified a +1 flail of crushing
  3790 | D:6      | Identified a +0 leather armour
  3796 | D:5      | Reached skill level 4 in Fighting
  3831 | D:6      | Identified a +0 giant club
  3903 | D:6      | Reached *** piety under Okawaru
  3908 | D:6      | Identified a +0 dagger
  3916 | D:6      | Found a staircase to the Ecumenical Temple.
  3916 | D:6      | Identified a +0 dagger
  3916 | D:6      | Identified a +0 robe
  3935 | D:6      | Identified a cursed -2 flail
  3959 | D:6      | Identified a +0 flail
  3959 | D:6      | Identified a +4 ring of evasion
  4060 | D:6      | Reached skill level 7 in Unarmed Combat
  4061 | D:6      | Noticed Grinder
  4093 | Temple   | Entered the Ecumenical Temple
  4098 | D:6      | Paralysed by Grinder for 7 turns
  4108 | D:6      | Killed Grinder
  4108 | D:6      | Received a gift from Okawaru
  4108 | D:6      | Reached skill level 4 in Throwing
  4108 | D:6      | Reached XP level 8. HP: 60/79 MP: 4/7
  4471 | D:6      | Reached skill level 8 in Unarmed Combat
  4590 | D:6      | Reached skill level 5 in Fighting
  4601 | D:6      | Reached **** piety under Okawaru
  4790 | D:6      | Identified a +0 dagger
  4790 | D:6      | Identified a +0 robe
  4790 | D:6      | Noticed Dowan
  4801 | D:6      | Identified a +0 short sword
  4801 | D:6      | Identified a +0 chain mail
  4801 | D:6      | Noticed Duvessa
  4812 | D:6      | Reached skill level 5 in Throwing
  5020 | D:6      | Killed Dowan
  5043 | D:6      | Killed Duvessa
  5043 | D:6      | Reached XP level 9. HP: 69/88 MP: 8/8
  5184 | D:7      | Received a gift from Okawaru
  5184 | D:7      | Reached skill level 9 in Unarmed Combat
  5184 | D:7      | Reached skill level 1 in Invocations
  5216 | D:7      | Identified a cursed -2 giant spiked club
  5239 | D:7      | Identified a +0 whip of freezing
  5239 | D:7      | Identified a +0 robe of resistance
  5239 | D:7      | Noticed Pikel
  5256 | D:7      | Killed Pikel
  5256 | D:7      | Received a gift from Okawaru
  5256 | D:7      | Reached skill level 2 in Invocations
  5300 | D:7      | Identified a +0 falchion
  5303 | D:7      | Identified a cursed -2 mace
  5303 | D:7      | Identified a +0 scale mail
  5305 | D:7      | Identified a +0 falchion
  5305 | D:7      | Identified a +0 whip
  5305 | D:7      | Identified a +0 leather armour
  5306 | D:7      | Identified a +0 club
  5312 | D:7      | Identified a +0 spear
  5312 | D:7      | Identified a +0 robe
  5314 | D:7      | Identified a +0 dire flail
  5314 | D:7      | Identified a cursed +0 robe
  5319 | D:7      | Identified a +5 morningstar
  5319 | D:7      | Identified a +0 robe
  5322 | D:7      | Identified a +0 whip
  5332 | D:7      | Identified a +0 giant club
  5349 | D:7      | Reached ***** piety under Okawaru
  5359 | D:7      | Identified a cursed +0 short sword
  5359 | D:7      | Identified a +0 robe
  5365 | D:7      | Identified a +0 spear
  5365 | D:7      | Identified a +0 robe
  5367 | D:7      | Identified a +1 battleaxe
  5367 | D:7      | Identified a +0 robe
  5514 | D:7      | Reached skill level 6 in Fighting
  5544 | D:7      | Identified a +0 shortbow
  5628 | D:7      | Identified a +0 war axe
  5628 | D:7      | Identified a +0 robe
  5754 | D:7      | Identified a +0 giant club
  5763 | D:7      | Identified a +0 club
  5770 | D:7      | Reached skill level 6 in Throwing
  5770 | D:7      | Reached skill level 10 in Unarmed Combat
  5778 | D:7      | Identified a +0 flail
  5790 | D:7      | Identified a +0 halberd
  5795 | D:7      | Identified a +0 club
  5822 | D:7      | Identified a +0 short sword
  5902 | D:8      | Identified a +0 club
  5949 | D:8      | Identified a +0 club
  5959 | D:8      | Identified a +0 dagger
  5959 | D:8      | Identified a +0 robe
  5967 | D:8      | Identified a +0 leather armour
  5969 | D:8      | Reached skill level 3 in Invocations
  5972 | D:8      | Identified a +0 dagger
  5972 | D:8      | Identified a +0 robe
  6029 | D:8      | Identified a +0 shortbow
  6231 | D:8      | Noticed a death yak
  6299 | D:8      | Identified 2 scrolls of noise
  6300 | D:8      | Identified a scroll of magic mapping
  6301 | D:8      | Identified 2 scrolls of teleportation
  6304 | D:7      | Identified 6 scrolls of identify
  6304 | D:7      | Identified 9 potions of curing
  6305 | D:7      | Identified 4 potions of might
  6306 | D:7      | Identified 4 potions of lignification
  6307 | D:7      | Identified 3 potions of flight
  6308 | D:7      | Identified 2 potions of mutation
  6309 | D:7      | Identified a scroll of fog
  6310 | D:7      | Identified a scroll of enchant armour
  6311 | D:7      | Identified 4 scrolls of fear
  6312 | D:7      | Identified a scroll of silence
  6382 | D:8      | Identified a +0 antimagic quarterstaff
  6382 | D:8      | Identified a cursed -3 hunting sling
  6382 | D:8      | Identified a cursed +0 leather armour
  6382 | D:8      | Noticed Joseph
  6407 | D:8      | Killed Joseph
  6407 | D:8      | Reached XP level 10. HP: 73/98 MP: 8/11
  6470 | D:8      | Found a shadowy altar of Dithmenos.
  6495 | D:8      | Noticed a death yak
  6495 | D:8      | Noticed a death yak
  6547 | D:8      | Noticed a death yak
  6612 | D:8      | Killed a death yak
  6612 | D:8      | Received a gift from Okawaru
  6619 | D:8      | HP: 18/100 [death yak (22)]
  6762 | D:8      | Killed a death yak
  6762 | D:8      | Reached skill level 4 in Invocations
  6772 | D:8      | Killed a death yak
  6772 | D:8      | Reached skill level 11 in Unarmed Combat
  6909 | D:8      | Got a heavily runed hat {god gift}
  6925 | D:8      | Found a staircase to the Lair.
  6965 | D:8      | Found Mokhluac's Assorted Antiques.
  6968 | D:8      | Bought a scroll labeled XOESHA UMYPIATH for 27 gold pieces
  7274 | D:8      | Identified the +0 hat of Indomitability {Int+5} (Okawaru
                  | gifted it to you on level 8 of the Dungeon)
  7289 | D:8      | Killed a death yak
  7289 | D:8      | Reached skill level 7 in Fighting
  7289 | D:8      | Reached skill level 7 in Throwing
  7339 | D:9      | Identified a +1 short sword of draining
  7342 | D:9      | Identified a +0 dagger
  7660 | D:9      | Identified a +0 hand axe
  7660 | D:9      | Identified a +0 dagger
  7660 | D:9      | Identified a +0 flail
  7660 | D:9      | Identified a cursed -2 chain mail
  7660 | D:9      | Identified a +0 short sword
  7660 | D:9      | Identified a +0 leather armour
  7818 | D:9      | Identified a +0 shortbow
  8000 | D:9      | Identified a +0 shortbow
  8059 | D:9      | Identified a +0 war axe
  8059 | D:9      | Identified a +0 ring mail
  8060 | D:9      | Identified a +0 falchion
  8098 | D:9      | Identified a +0 falchion
  8105 | D:9      | Identified a +0 dagger
  8105 | D:9      | Identified a +0 robe
  8106 | D:9      | Identified a +0 dagger
  8106 | D:9      | Identified a +0 robe
  8106 | D:9      | Identified a cursed +0 trident
  8106 | D:9      | Identified a +0 ring mail
  8355 | D:9      | Reached skill level 5 in Invocations
  8355 | D:9      | Reached XP level 11. HP: 109/109 MP: 13/13
  8613 | D:9      | Found Pukihios's Assorted Antiques.
  8620 | D:9      | Identified a scroll of random uselessness
  8621 | D:9      | Identified a scroll of acquirement
  8633 | D:9      | Identified a +0 robe of magic resistance (You acquired it
                  | on level 9 of the Dungeon)
  8684 | D:10     | Entered Level 10 of the Dungeon
  8738 | D:10     | Identified a +0 giant club
  8738 | D:10     | Identified a +0 giant club
  8738 | D:10     | Noticed a two-headed ogre
  8748 | D:10     | Killed a two-headed ogre
  8748 | D:10     | Reached skill level 12 in Unarmed Combat
  9075 | D:10     | Identified a +1 hat of magic resistance
  9075 | D:10     | Noticed Gastronok
  9094 | D:10     | Killed Gastronok
  9094 | D:10     | Received a gift from Okawaru
  9094 | D:10     | Reached skill level 8 in Throwing
  9238 | D:10     | Received a gift from Okawaru
  9265 | D:10     | Identified a +0 dagger
  9265 | D:10     | Identified a +0 robe
  9265 | D:10     | Noticed Josephine
  9271 | D:10     | Killed Josephine
  9271 | D:10     | Reached skill level 8 in Fighting
  9381 | D:10     | Identified a +0 shortbow
  9381 | D:10     | Noticed a centaur warrior
  9386 | D:10     | Paralysed by a hornet for 1 turns
  9396 | D:10     | Killed a centaur warrior
  9396 | D:10     | Reached skill level 13 in Unarmed Combat
  9557 | D:10     | Received a gift from Okawaru
  9682 | D:10     | Identified a scarf of cloud immunity (You found it on level
                  | 10 of the Dungeon)
  9735 | D:10     | Identified a +0 shortbow
  9809 | D:11     | Identified a +0 great mace of protection
  9809 | D:11     | Identified a +0 scale mail
  9809 | D:11     | Noticed Urug
  9874 | D:11     | Identified a cursed +4 battleaxe
  9874 | D:11     | Identified a +0 robe
  9874 | D:11     | Identified a +1 vampiric morningstar
  9874 | D:11     | Identified a +0 robe
  9874 | D:11     | Identified a +0 mace
  9874 | D:11     | Identified a +0 robe
  9884 | D:11     | Identified a +3 dagger
  9884 | D:11     | Identified a +0 robe
  9911 | D:11     | Identified a +0 ring mail
  9928 | D:11     | Identified a +0 shortbow
  9941 | D:11     | Identified a +0 dagger
  9941 | D:11     | Identified a +0 robe
  9942 | D:11     | Identified a +0 trident of venom
  9945 | D:11     | Identified a +0 whip
  9948 | D:11     | Identified a +0 dagger
  9948 | D:11     | Identified a +0 robe
  9951 | D:11     | Identified a +0 halberd
  9951 | D:11     | Identified a +0 robe
  9952 | D:11     | Identified a +0 quarterstaff of freezing
  9952 | D:11     | Identified a +1 robe of cold resistance
  9952 | D:11     | Identified an uncursed ring of ice
  9952 | D:11     | Noticed Fannar
  9953 | D:11     | Identified a +0 giant club
  9953 | D:11     | Identified a +0 giant club
  9953 | D:11     | Noticed a two-headed ogre
  9955 | D:11     | Reached XP level 12. HP: 79/122 MP: 11/14
  9957 | D:11     | Identified a +0 dagger
  9957 | D:11     | Identified a +0 robe
  9959 | D:11     | Identified a +0 mace
  9959 | D:11     | Identified a +0 chain mail
  9961 | D:11     | Identified a +0 hand axe of chopping
  9961 | D:11     | Identified a +0 scale mail
  9961 | D:11     | Identified a +0 shortbow
 10037 | D:11     | Identified a +0 dagger
 10037 | D:11     | Identified a +0 robe
 10050 | D:11     | Identified a +0 whip
 10050 | D:11     | Identified a +0 leather armour
 10114 | D:11     | Noticed Snorg
 10132 | D:11     | Killed Snorg
 10210 | D:11     | Found Baxkis's Antique Armour Shoppe.
 10239 | D:11     | Identified a +0 club
 10239 | D:11     | Identified a +0 leather armour
 10241 | D:11     | Identified a +3 scimitar
 10241 | D:11     | Identified a +0 robe
 10241 | D:11     | Identified a +0 long sword
 10241 | D:11     | Identified a +0 robe
 10263 | D:11     | Identified a +0 shortbow
 10265 | D:11     | Identified a +0 shortbow
 10266 | D:11     | Identified a +0 shortbow
 10273 | D:11     | Identified a +2 hand axe
 10273 | D:11     | Identified a +0 robe
 10337 | D:11     | Killed Fannar
 10337 | D:11     | Reached skill level 9 in Throwing
 10457 | D:11     | Identified a +0 club
 10473 | D:11     | Identified a +0 short sword
 10473 | D:11     | Identified a +0 scale mail
 10507 | D:11     | Identified a +0 whip
 10517 | D:11     | Identified a +0 glaive
 10517 | D:11     | Identified a +0 plate armour
 10537 | D:11     | Received a gift from Okawaru
 10627 | D:11     | Killed a two-headed ogre
 10636 | D:11     | Found Poupudece's Magic Scroll Boutique.
 10670 | D:11     | Identified a +0 club
 10670 | D:11     | Identified a +0 hunting sling
 10684 | D:11     | Found Haghoymp's Armour Shoppe.
 10686 | D:11     | Found a staircase to the Orcish Mines.
 10701 | D:11     | Killed Urug
 10701 | D:11     | Reached skill level 14 in Unarmed Combat
 10742 | D:11     | Found Lasetahe's Jewellery Shoppe.
 10802 | D:11     | Reached skill level 9 in Fighting
 10816 | D:11     | Identified a cursed +0 shortbow
 10903 | D:11     | Found Epeum's Jewellery Shop.
 11037 | D:11     | Identified a +0 dagger
 11037 | D:11     | Identified a +0 robe
 11063 | D:11     | Identified 3 potions of degeneration
 11064 | D:11     | Identified 4 potions of berserk rage
 11065 | D:11     | Identified 2 potions of heal wounds
 11066 | D:11     | Identified 2 potions of brilliance
 11278 | D:12     | Identified a +0 shortbow
 11278 | D:12     | Noticed a centaur warrior
 11285 | D:12     | Killed a centaur warrior
 11715 | D:12     | Found a flagged portal.
 11724 | Bailey   | Entered a bailey
 11748 | Bailey   | Identified a +0 war axe
 11748 | Bailey   | Identified a +0 chain mail
 11748 | Bailey   | Noticed an orc warlord
 11758 | Bailey   | Identified a +0 hand axe
 11758 | Bailey   | Identified a +0 leather armour
 11762 | Bailey   | Found the +8 longbow "Zephyr" {speed, Dex+3 SInv}
 11773 | Bailey   | Identified a +0 hand axe
 11773 | Bailey   | Identified a +0 leather armour
 11786 | Bailey   | Identified a +0 hand axe
 11786 | Bailey   | Identified a +0 leather armour
 11786 | Bailey   | Identified a +0 hand axe
 11786 | Bailey   | Identified a cursed +0 leather armour
 11831 | Bailey   | Identified a +0 hand axe
 11831 | Bailey   | Identified a +0 leather armour
 11832 | Bailey   | Identified a +0 war axe
 11832 | Bailey   | Identified a +0 ring mail
 11833 | Bailey   | Identified a +0 hand axe
 11833 | Bailey   | Identified a +0 ring mail
 11947 | Bailey   | Found a runed translucent gate.
 11947 | Bailey   | Found a runed translucent gate.
 11969 | Bailey   | Found a runed translucent gate.
 11978 | Bailey   | Identified a cursed +0 hand axe
 11978 | Bailey   | Identified a +0 ring mail
 11979 | Bailey   | Identified a +0 war axe
 11979 | Bailey   | Identified a +0 scale mail
 12000 | Bailey   | Identified a +0 hand axe
 12000 | Bailey   | Identified a +0 leather armour
 12042 | Bailey   | Identified a +0 hand axe
 12042 | Bailey   | Identified a +0 leather armour
 12047 | Bailey   | Identified a +0 hand axe
 12047 | Bailey   | Identified a +0 leather armour
 12158 | Bailey   | Killed an orc warlord
 12158 | Bailey   | Received a gift from Okawaru
 12208 | Bailey   | Got an ancient copper amulet
 12211 | Bailey   | Identified 2 potions of experience
 12212 | Bailey   | Identified the amulet "Seoruodgh" {Faith +Blink} (You found
                  | it in a bailey)
 12238 | D:12     | Identified a potion of ambrosia
 12548 | D:13     | Identified a +0 falchion
 12548 | D:13     | Identified a +0 flail
 12548 | D:13     | Identified a +0 flail of crushing
 12579 | D:13     | Identified a +0 trident
 12579 | D:13     | Identified a +0 robe
 12579 | D:13     | Noticed a rakshasa
 12622 | D:13     | Killed a rakshasa
 12622 | D:13     | Reached ****** piety under Okawaru
 12622 | D:13     | Reached XP level 13. HP: 68/131 MP: 15/15
 12835 | D:13     | Received a gift from Okawaru
 12890 | D:13     | Identified a +0 troll leather armour
 12919 | D:13     | Got a jewelled cloak
 12930 | D:13     | Identified the +2 cloak of Ru's Favour {rC+ MR+} (You
                  | acquired it on level 13 of the Dungeon)
 12942 | D:13     | Identified a scarf of resistance (You found it on level 13
                  | of the Dungeon)
 12955 | D:13     | Identified a potion of resistance
 12956 | D:13     | Reached skill level 10 in Fighting
 12956 | D:13     | Reached skill level 6 in Invocations
 12956 | D:13     | Reached XP level 14. HP: 144/144 MP: 15/18
 12957 | D:13     | Reached skill level 3 in Shields
 12957 | D:13     | Reached skill level 7 in Invocations
 12957 | D:13     | Reached XP level 15. HP: 152/152 MP: 15/19
 13031 | D:13     | Reached skill level 10 in Throwing
 13243 | D:13     | Reached skill level 8 in Invocations
 13488 | D:13     | Reached skill level 15 in Unarmed Combat
 13533 | D:14     | Identified a +0 long sword
 13533 | D:14     | Identified a +0 leather armour
 13568 | D:14     | Identified a +0 giant club
 13568 | D:14     | Identified a +0 giant club
 13643 | D:14     | Identified a +0 longbow
 13649 | D:14     | Identified a +0 mace
 13650 | D:14     | Identified a +0 shortbow
 13651 | D:14     | Identified a +0 shortbow
 13657 | D:14     | Reached skill level 11 in Fighting
 13659 | D:14     | Identified a cursed -1 shortbow
 13772 | D:14     | Identified a +0 shortbow
 13798 | D:14     | Found a glowing golden altar of the Shining One.
 13851 | D:14     | Identified a +0 flail
 13851 | D:14     | Identified a +0 giant club
 13851 | D:14     | Identified a +0 giant club
 13889 | D:14     | Identified a +0 longbow
 13910 | D:14     | Received a gift from Okawaru
 14031 | D:14     | Identified a +0 trident
 14054 | D:14     | Identified a +0 dagger
 14054 | D:14     | Identified a +0 robe
 14054 | D:14     | Identified a +0 buckler
 14061 | D:14     | Identified a +0 falchion
 14234 | D:14     | Identified a +0 long sword
 14234 | D:14     | Identified a +0 robe
 14278 | D:14     | Identified a +3 scimitar of flaming
 14278 | D:14     | Noticed Azrael
 14293 | D:14     | Received a gift from Okawaru
 14296 | D:14     | Identified a +0 short sword
 14296 | D:14     | Identified a +0 leather armour
 14304 | D:14     | HP: 31/154 [Azrael/fireball (18)]
 14305 | D:14     | Killed Azrael
 14316 | D:14     | HP: 34/154 [six-headed hydra (5)]
 14330 | D:14     | HP: 33/154 [hell rat[a deep elf mage] (7)]
 14505 | D:14     | Identified a +0 club
 14612 | D:14     | Got a slimy great sword {god gift}
 14757 | D:14     | Identified a +0 club
 14757 | D:14     | Identified a +0 robe
 14786 | D:14     | Identified a +0 dagger
 14819 | D:14     | Identified a +0 club
 14911 | D:14     | Found a gate to the Vaults.
 14911 | D:14     | Identified a +0 great mace
 14911 | D:14     | Identified a +0 chain mail
 15310 | D:15     | Entered Level 15 of the Dungeon
 15349 | D:15     | Identified a +0 battleaxe
 15349 | D:15     | Identified a +0 chain mail
 15371 | D:15     | Received a gift from Okawaru
 15374 | D:15     | Got ancient gold dragon scales {god gift}
 15385 | D:15     | Identified the +0 gold dragon scales "Hemos" {+Fly rPois
                  | rF+ rC+} (Okawaru gifted it to you on level 15 of the
                  | Dungeon)
 15409 | D:15     | Identified a ring of magical power (You found it on level
                  | 14 of the Dungeon)
 15481 | D:15     | Identified a +0 arbalest
 15488 | D:15     | Identified a +0 arbalest
 15488 | D:15     | Identified a +0 arbalest
 15490 | D:15     | Identified a +0 arbalest
 15494 | D:15     | Identified a +0 arbalest
 15706 | D:15     | Identified a +0 shortbow
 15715 | D:15     | Reached skill level 16 in Unarmed Combat
 15759 | D:15     | Reached skill level 1 in Armour
 15871 | D:15     | Found a staircase to the Depths.
 15922 | D:15     | Identified a +2 shortbow of flaming
 15945 | D:15     | Identified a ring of protection from fire (You found it on
                  | level 15 of the Dungeon)
 15947 | D:15     | Identified a ring of teleportation (You found it on level
                  | 15 of the Dungeon)
 15971 | D:15     | Found a shattered altar of Ashenzari.
 16027 | D:15     | Identified a +0 longbow
 16483 | D:15     | Identified a ring of protection from cold (You found it on
                  | level 15 of the Dungeon)
 16508 | D:15     | Reached skill level 2 in Armour
 16602 | D:15     | Reached skill level 11 in Throwing
 16750 | D:15     | Identified a +0 dire flail
 16750 | D:15     | Identified a +0 chain mail
 16750 | D:15     | Identified a +0 club
 16751 | D:15     | Identified a +0 war axe
 16751 | D:15     | Identified a +0 plate armour
 16753 | D:15     | Identified a +0 dagger
 16753 | D:15     | Identified a +2 robe of magic resistance
 16787 | D:15     | Identified a +0 dagger
 16787 | D:15     | Identified a +0 scale mail
 17244 | Lair:1   | Entered Level 1 of the Lair of Beasts
 17258 | Lair:1   | Got a scintillating steel amulet
 17259 | Lair:1   | Identified the amulet of Enereuw {+Rage SInv} (You found it
                  | on level 1 of the Lair of Beasts)
 17353 | Lair:1   | Received a gift from Okawaru
 17364 | Lair:1   | Identified a +1 large shield of protection (Okawaru gifted
                  | it to you on level 1 of the Lair of Beasts)
 17944 | Lair:1   | Identified a -2 halberd
 17944 | Lair:1   | Identified a +0 animal skin
 17944 | Lair:1   | Noticed Grum
 17956 | Lair:1   | Killed Grum
 17956 | Lair:1   | Reached skill level 3 in Armour
 17957 | Lair:1   | Identified an amulet of the gourmand (You found it on level
                  | 1 of the Lair of Beasts)
 18230 | Lair:1   | Identified a ring of flight (You found it on level 1 of the
                  | Lair of Beasts)
 18671 | Lair:2   | Reached XP level 16. HP: 154/165 MP: 21/21
 19089 | Lair:3   | Found a staircase to the Shoals.
 19217 | Lair:3   | Reached skill level 4 in Shields
 19481 | Lair:3   | Found a hole to the Spider Nest.
 19612 | Lair:3   | Reached skill level 12 in Fighting
 19668 | Lair:3   | Found a blossoming altar of Fedhas.
 19803 | Lair:3   | Reached skill level 17 in Unarmed Combat
 19944 | Lair:3   | Identified a ring of resist corrosion (You found it on
                  | level 3 of the Lair of Beasts)
 19949 | Lair:3   | Identified 2 scrolls of brand weapon
 19951 | Lair:3   | Identified a potion of magic
 20078 | Lair:4   | Identified a potion of cancellation
 20204 | Lair:4   | Reached skill level 4 in Armour
 21263 | Lair:5   | Received a gift from Okawaru
 21817 | Lair:6   | Entered Level 6 of the Lair of Beasts
 21841 | Lair:6   | Found a runed translucent gate.
 21841 | Lair:6   | Noticed hitsuchi's ghost (journeyman OpFi)
 21843 | Lair:6   | Found a runed translucent gate.
 21931 | Lair:6   | Reached skill level 5 in Shields
 21954 | Lair:6   | Found a runed translucent gate.
 21999 | Lair:6   | Received a gift from Okawaru
 22000 | Lair:6   | Got an encrusted demon blade {god gift}
 22226 | Lair:6   | Found a viscous altar of Jiyva.
 22246 | Lair:6   | Found a staircase to the Slime Pits.
 22437 | Lair:6   | Reached skill level 5 in Armour
 23043 | Lair:6   | Identified an amulet of regeneration (You found it on level
                  | 6 of the Lair of Beasts)
 23318 | Orc:1    | Entered Level 1 of the Orcish Mines
 23382 | Orc:1    | Identified a +0 dagger
 23382 | Orc:1    | Identified a +0 robe
 23388 | Orc:1    | Identified a cursed +0 hand axe
 23388 | Orc:1    | Identified a +0 leather armour
 23391 | Orc:1    | Identified a +0 flail
 23391 | Orc:1    | Identified a +0 ring mail
 23391 | Orc:1    | Identified a +0 flail
 23392 | Orc:1    | Identified a +0 dagger
 23392 | Orc:1    | Identified a +0 robe
 23393 | Orc:1    | Identified a +0 dagger
 23394 | Orc:1    | Identified a +0 short sword
 23409 | Orc:1    | Found a roughly hewn altar of Beogh.
 23412 | Orc:1    | Identified a +0 short sword
 23412 | Orc:1    | Identified a +0 leather armour
 23417 | Orc:1    | Identified a +0 dagger
 23417 | Orc:1    | Identified a +0 robe
 23559 | Orc:1    | Identified a cursed -1 dagger
 23559 | Orc:1    | Identified a +0 robe
 23563 | Orc:1    | Identified a +0 dagger
 23563 | Orc:1    | Identified a +0 robe
 23595 | Orc:1    | Identified a +0 dagger of protection
 23595 | Orc:1    | Identified a +2 robe of cold resistance
 23595 | Orc:1    | Identified a +0 dagger
 23595 | Orc:1    | Identified a +0 robe
 23597 | Orc:1    | Identified a +0 halberd
 23597 | Orc:1    | Identified a +2 plate armour of poison resistance
 23597 | Orc:1    | Identified a +0 mace
 23895 | Orc:2    | Entered Level 2 of the Orcish Mines
 23895 | Orc:2    | Identified a +3 vampiric bardiche
 23895 | Orc:2    | Identified a +0 chain mail
 23895 | Orc:2    | Identified a +0 halberd
 23895 | Orc:2    | Identified a +0 chain mail
 23895 | Orc:2    | Identified a +0 war axe
 23895 | Orc:2    | Identified a +0 giant spiked club
 23895 | Orc:2    | Identified a +0 halberd
 23895 | Orc:2    | Identified a +0 chain mail
 23895 | Orc:2    | Identified a +0 dagger
 23895 | Orc:2    | Identified a +0 robe
 23895 | Orc:2    | Identified a cursed +0 leather armour
 23895 | Orc:2    | Identified a +0 short sword
 23895 | Orc:2    | Identified a +0 dagger
 23895 | Orc:2    | Identified a +0 scale mail
 23898 | Orc:2    | Identified a +0 dagger
 23898 | Orc:2    | Identified a +0 robe
 23910 | Orc:1    | Identified a +0 troll leather armour
 24021 | Orc:2    | Identified a +0 club
 24021 | Orc:2    | Identified a +0 ring mail
 24021 | Orc:2    | Identified a +1 falchion of electrocution
 24021 | Orc:2    | Identified a +0 ring mail
 24021 | Orc:2    | Identified a +0 club
 24021 | Orc:2    | Identified a +0 club
 24021 | Orc:2    | Identified a cursed +0 chain mail
 24021 | Orc:2    | Identified a +0 dagger
 24027 | Orc:2    | Identified a +0 battleaxe
 24027 | Orc:2    | Identified a +0 chain mail
 24034 | Orc:2    | Identified a +0 dagger
 24034 | Orc:2    | Identified a +0 robe
 24051 | Orc:2    | Identified a cursed -1 dagger
 24051 | Orc:2    | Identified a +0 robe
 24058 | Orc:2    | Identified a +0 dagger
 24058 | Orc:2    | Identified a +0 robe
 24061 | Orc:2    | Identified a +0 dagger
 24061 | Orc:2    | Identified a +0 robe
 24117 | Orc:2    | Found a roughly hewn altar of Beogh.
 24117 | Orc:2    | Identified a +1 morningstar of draining
 24117 | Orc:2    | Identified a +0 chain mail
 24117 | Orc:2    | Identified a +0 mace of crushing
 24117 | Orc:2    | Identified a +0 dagger
 24117 | Orc:2    | Identified a cursed +0 robe
 24160 | Orc:2    | Identified a +0 club
 24160 | Orc:2    | Identified a +0 leather armour
 24162 | Orc:2    | Identified a +0 dagger of draining
 24162 | Orc:2    | Identified a +0 robe
 24166 | Orc:2    | Identified a +0 club
 24166 | Orc:2    | Identified a +0 leather armour
 24171 | Orc:2    | Identified a cursed -2 dire flail
 24171 | Orc:2    | Identified a cursed +0 chain mail
 24173 | Orc:2    | Identified a +1 dagger of holy wrath
 24173 | Orc:2    | Identified a cursed +0 robe
 24240 | Orc:2    | Identified a +0 dire flail
 24240 | Orc:2    | Identified a +0 giant club
 24300 | Orc:2    | Found a roughly hewn altar of Beogh.
 24300 | Orc:2    | Identified a cursed +0 glaive
 24300 | Orc:2    | Identified a cursed -1 chain mail
 24300 | Orc:2    | Identified a +0 leather armour
 24300 | Orc:2    | Identified a +0 scale mail
 24300 | Orc:2    | Identified a +0 dagger
 24300 | Orc:2    | Identified a +0 robe
 24393 | Orc:2    | Identified a +0 battleaxe
 24393 | Orc:2    | Identified a +0 plate armour
 24409 | Orc:2    | Identified a +0 hand axe
 24433 | Orc:2    | Received a gift from Okawaru
 24475 | Orc:2    | Identified +2 swamp dragon scales (Okawaru gifted it to you
                  | on level 2 of the Orcish Mines)
 24496 | Orc:2    | Identified a +0 dagger
 24523 | Orc:2    | Identified a +0 flail
 24548 | Orc:2    | Found a roughly hewn altar of Beogh.
 24579 | Orc:2    | Identified a +0 ring mail
 24579 | Orc:2    | Identified a +0 dagger
 24579 | Orc:2    | Identified a +0 robe
 24579 | Orc:2    | Identified a +0 club
 24585 | Orc:2    | Found a roughly hewn altar of Beogh.
 24586 | Orc:2    | Identified a +0 scale mail
 24610 | Orc:2    | Identified a +0 dagger
 24610 | Orc:2    | Identified a +0 robe
 24613 | Orc:2    | Identified a +0 dagger
 24613 | Orc:2    | Identified a +0 robe
 24615 | Orc:2    | Identified a +0 mace
 24620 | Orc:2    | Identified a +0 short sword
 24620 | Orc:2    | Identified a +0 scale mail
 24650 | Orc:2    | Identified a +0 club
 24650 | Orc:2    | Identified a +0 long sword
 24650 | Orc:2    | Identified a +0 plate armour
 24650 | Orc:2    | Identified a +0 hand axe
 24673 | Orc:2    | Found a roughly hewn altar of Beogh.
 24673 | Orc:2    | Identified a +0 halberd
 24673 | Orc:2    | Identified a +0 plate armour
 24673 | Orc:2    | Identified a +0 dagger
 24673 | Orc:2    | Identified a +0 robe
 24678 | Orc:2    | Identified a +0 dagger
 24678 | Orc:2    | Identified a +0 robe
 24685 | Orc:2    | Identified a +0 halberd
 24685 | Orc:2    | Identified a +0 plate armour
 24687 | Orc:2    | Identified a +0 dagger
 24687 | Orc:2    | Identified a +0 robe
 24735 | Orc:2    | Found Coushra's General Store.
 24760 | Orc:2    | Found a staircase to the Elven Halls.
 24817 | Orc:2    | Identified a +0 hand axe
 24817 | Orc:2    | Identified a +0 leather armour
 24817 | Orc:2    | Identified a +0 club
 24817 | Orc:2    | Identified a +0 hand axe
 24824 | Orc:2    | Identified a +0 dagger
 24824 | Orc:2    | Identified a +0 robe
 24837 | Orc:2    | Identified a +0 dire flail
 24837 | Orc:2    | Identified a +0 chain mail
 24837 | Orc:2    | Identified a +0 club
 24838 | Orc:2    | Identified a +0 hand axe
 24838 | Orc:2    | Identified a +0 leather armour
 24838 | Orc:2    | Identified a +0 battleaxe of flaming
 24838 | Orc:2    | Identified a +0 chain mail
 24838 | Orc:2    | Identified a +0 dagger
 24838 | Orc:2    | Identified a +0 robe
 24840 | Orc:2    | Identified a +0 war axe
 24840 | Orc:2    | Identified a +0 leather armour
 24840 | Orc:2    | Identified a +0 club
 24840 | Orc:2    | Identified a +0 leather armour
 24841 | Orc:2    | Identified a +0 dagger
 24841 | Orc:2    | Identified a +0 robe
 24841 | Orc:2    | Identified a +0 dagger
 24841 | Orc:2    | Identified a +0 robe
 24841 | Orc:2    | Identified a +3 great mace
 24841 | Orc:2    | Identified a +0 chain mail
 24844 | Orc:2    | Identified a +0 flail
 24844 | Orc:2    | Identified a +0 ring mail
 24844 | Orc:2    | Identified a +0 ring mail
 24846 | Orc:2    | Identified a +0 long sword
 24846 | Orc:2    | Identified a +0 plate armour
 24846 | Orc:2    | Identified a +0 war axe
 24846 | Orc:2    | Identified a +0 plate armour
 24846 | Orc:2    | Identified a +0 dire flail
 24846 | Orc:2    | Identified a +0 plate armour
 24849 | Orc:2    | Identified a +0 mace
 24849 | Orc:2    | Identified a +0 chain mail
 24850 | Orc:2    | Identified a +6 glaive of chopping
 24850 | Orc:2    | Identified a +0 chain mail of positive energy
 24850 | Orc:2    | Noticed Saint Roka
 24850 | Orc:2    | Identified a +1 flail of holy wrath
 24864 | Orc:2    | Identified a +0 dagger
 24866 | Orc:2    | Killed Saint Roka
 24866 | Orc:2    | Reached skill level 18 in Unarmed Combat
 24871 | Orc:2    | Identified a +0 dagger
 24877 | Orc:2    | Identified a +0 flail
 24877 | Orc:2    | Identified a +0 chain mail (You took it off an orc warrior
                  | on level 2 of the Orcish Mines)
 24887 | Orc:2    | Identified a +0 war axe
 24890 | Orc:2    | Identified a +0 club (You took it off an orc on level 2 of
                  | the Orcish Mines)
 24919 | Orc:2    | Identified a +0 long sword (You took it off an orc warrior
                  | on level 2 of the Orcish Mines)
 24927 | Orc:2    | Identified a +0 hand axe
 24959 | Orc:2    | Identified a +0 battleaxe
 24959 | Orc:2    | Identified a +0 plate armour
 24967 | Orc:2    | Identified a +0 flail
 24967 | Orc:2    | Identified a +0 chain mail
 24978 | Orc:2    | Reached skill level 6 in Shields
 24986 | Orc:2    | Identified a +0 club
 24986 | Orc:2    | Identified a +0 leather armour
 24989 | Orc:2    | Identified a +0 trident
 24989 | Orc:2    | Identified a +0 ring mail
 25003 | Orc:2    | Found Fuysovea's Antique Armour Shoppe.
 25006 | Orc:2    | Found a roughly hewn altar of Beogh.
 25010 | Orc:2    | Found Qahem's Antique Weapon Emporium.
 25162 | Orc:2    | Identified a +0 mace
 25162 | Orc:2    | Identified a +0 dagger
 25162 | Orc:2    | Identified a +0 robe
 25164 | Orc:2    | Identified a +0 leather armour
 25165 | Orc:2    | Identified a +0 dagger
 25165 | Orc:2    | Identified a +0 robe
 25173 | Orc:2    | Found a roughly hewn altar of Beogh.
 25213 | Orc:2    | Identified a +0 mace
 25213 | Orc:2    | Identified a +0 club
 25213 | Orc:2    | Identified a +0 ring mail
 25213 | Orc:2    | Identified a +0 war axe
 25213 | Orc:2    | Identified a cursed -2 club
 25213 | Orc:2    | Identified a +0 leather armour
 25213 | Orc:2    | Identified a +0 dagger of venom
 25213 | Orc:2    | Identified a +0 robe
 25214 | Orc:2    | Identified a +0 flail of protection
 25214 | Orc:2    | Identified a +0 scale mail
 25221 | Orc:2    | Identified a +0 dagger
 25221 | Orc:2    | Identified a +0 ring mail
 25223 | Orc:2    | Identified a +0 dagger
 25223 | Orc:2    | Identified a +0 robe
 25228 | Orc:2    | Identified a +0 falchion
 25228 | Orc:2    | Identified a cursed +0 leather armour
 25261 | Orc:2    | Found a roughly hewn altar of Beogh.
 25263 | Orc:2    | Found Cygeasua's Magic Scroll Boutique.
 25421 | Orc:2    | Found a roughly hewn altar of Beogh.
 25421 | Orc:2    | Identified a +0 war axe
 25421 | Orc:2    | Identified a +0 chain mail
 25421 | Orc:2    | Identified a +0 dagger
 25421 | Orc:2    | Identified a +0 robe
 25421 | Orc:2    | Identified a +0 falchion
 25605 | Elf:1    | Entered Level 1 of the Elven Halls
 25605 | Elf:1    | Identified a +0 rapier
 25605 | Elf:1    | Identified a +0 rapier
 25605 | Elf:1    | Identified a +0 dagger
 25605 | Elf:1    | Identified a +0 long sword
 25605 | Elf:1    | Identified a +0 chain mail
 25605 | Elf:1    | Identified a +0 rapier
 25605 | Elf:1    | Identified a +2 halberd of venom
 25605 | Elf:1    | Identified a +2 flail of holy wrath
 25805 | Spider:1 | Entered Level 1 of the Spider Nest
 25909 | Spider:1 | Got a sparkling garnet amulet
 25954 | Spider:1 | Identified the amulet "Vafauk" {Inacc rElec rPois rN+
                  | MR+++} (You found it on level 1 of the Spider Nest)
 26081 | Spider:1 | Reached XP level 17. HP: 166/175 MP: 22/22
 26220 | Spider:1 | Reached skill level 6 in Armour
 27050 | Spider:1 | Found a runed translucent gate.
 27050 | Spider:1 | Found a runed translucent gate.
 27050 | Spider:1 | Found a runed translucent gate.
 27094 | Spider:1 | Noticed mhoghedin's ghost (journeyman DrCj)
 27094 | Spider:1 | Noticed Loge's ghost (adept DEFE)
 27111 | Spider:1 | Killed Loge's ghost
 27111 | Spider:1 | Received a gift from Okawaru
 27123 | Spider:1 | Killed mhoghedin's ghost
 27255 | Spider:2 | Noticed an entropy weaver
 27269 | Spider:2 | Killed an entropy weaver
 27553 | Spider:2 | Received a gift from Okawaru
 28090 | Spider:3 | Received a gift from Okawaru
 28124 | Spider:3 | Reached skill level 7 in Shields
 28269 | Spider:3 | Reached skill level 19 in Unarmed Combat
 28459 | Spider:3 | Received a gift from Okawaru
 28462 | Spider:3 | Got an ichor-stained hat {god gift}
 28474 | Spider:3 | Identified the +1 hat "Qallufu" {Int+3} (Okawaru gifted it
                  | to you on level 3 of the Spider Nest)
 28536 | Spider:3 | Noticed an entropy weaver
 28551 | Spider:3 | Killed an entropy weaver
 28557 | Spider:3 | Reached skill level 7 in Armour
 28937 | Spider:4 | Entered Level 4 of the Spider Nest
 29032 | Spider:4 | Paralysed by a hornet for 3 turns
 29795 | Spider:4 | Reached skill level 20 in Unarmed Combat
 29829 | Spider:4 | Noticed Arachne
 29840 | Spider:4 | Identified 2 scrolls of vulnerability
 29877 | Spider:4 | Received a gift from Okawaru
 30120 | Spider:4 | Reached skill level 8 in Shields
 30163 | Spider:4 | Reached XP level 18. HP: 166/184 MP: 23/23
 30436 | Spider:4 | Killed Arachne
 30436 | Spider:4 | Reached skill level 8 in Armour
 30883 | Spider:4 | Reached skill level 21 in Unarmed Combat
 30984 | Spider:4 | Got a gossamer rune of Zot
 31197 | Shoals:1 | Entered Level 1 of the Shoals
 31197 | Shoals:1 | Identified a +0 club
 31197 | Shoals:1 | Identified a +0 hunting sling
 31202 | Shoals:1 | Identified a +0 spear
 31209 | Shoals:1 | Identified a +0 quarterstaff
 31209 | Shoals:1 | Identified a +4 hunting sling
 31210 | Shoals:1 | Received a gift from Okawaru
 31221 | Shoals:1 | Identified a +0 spear
 31226 | Shoals:1 | Identified a +0 trident
 31410 | Shoals:1 | Identified a +0 trident
 31412 | Shoals:1 | Noticed Kirke
 31485 | Shoals:1 | Killed Kirke
 31485 | Shoals:1 | Received a gift from Okawaru
 31543 | Shoals:1 | Identified a +0 rapier
 31543 | Shoals:1 | Identified a +0 robe
 31545 | Shoals:1 | Identified a +0 rapier of draining
 31545 | Shoals:1 | Identified a +0 robe
 31550 | Shoals:1 | Identified a +0 trident
 31575 | Shoals:1 | Identified a +1 trident of distortion
 31615 | Shoals:1 | Identified a +0 quarterstaff
 31615 | Shoals:1 | Identified a +0 hunting sling
 31622 | Shoals:1 | Identified a +0 spear
 31626 | Shoals:1 | Identified a +0 spear
 31626 | Shoals:1 | Identified a +0 hunting sling
 31637 | Shoals:1 | Identified a +0 quarterstaff
 31637 | Shoals:1 | Identified a +0 hunting sling
 31748 | Shoals:1 | Identified a +0 spear
 31748 | Shoals:1 | Identified a +0 hunting sling
 31784 | Shoals:1 | Identified a +1 trident of pain
 31953 | Shoals:1 | Identified a +0 glaive
 31953 | Shoals:1 | Identified a +0 trident
 31953 | Shoals:1 | Identified a +1 trident of piercing
 31953 | Shoals:1 | Identified a +0 robe
 31969 | Shoals:1 | Identified a cursed -3 spear
 32033 | Shoals:1 | Received a gift from Okawaru
 32130 | Shoals:1 | Reached skill level 9 in Shields
 32535 | Shoals:2 | Identified a +0 shortbow
 32550 | Shoals:2 | Identified a +0 quarterstaff
 32550 | Shoals:2 | Identified a +0 hunting sling
 32556 | Shoals:2 | Identified a +0 club
 32556 | Shoals:2 | Identified a +0 hunting sling
 32556 | Shoals:2 | Identified a +0 spear
 32564 | Shoals:2 | Identified a +0 trident
 32564 | Shoals:2 | Identified a +1 spear of freezing
 32564 | Shoals:2 | Identified a +0 hunting sling
 32565 | Shoals:2 | Identified a +5 spear of flaming
 32565 | Shoals:2 | Identified a +0 leather armour
 32565 | Shoals:2 | Received a gift from Okawaru
 32567 | Shoals:2 | Identified a +0 club
 32567 | Shoals:2 | Identified a cursed -2 hunting sling
 32574 | Shoals:2 | Identified a cursed +0 quarterstaff
 32574 | Shoals:2 | Identified a +0 hunting sling
 32791 | Shoals:2 | Received a gift from Okawaru
 32791 | Shoals:2 | Reached skill level 9 in Armour
 32882 | Shoals:2 | Identified a +2 trident of piercing
 32882 | Shoals:2 | Identified a +0 leather armour
 32882 | Shoals:2 | Identified an uncursed ring of stealth
 33030 | Shoals:2 | Identified a +0 club
 33030 | Shoals:2 | Identified a +0 hunting sling
 33130 | Shoals:3 | Identified a cursed -2 trident
 33331 | Shoals:3 | Identified a +0 trident of protection
 33331 | Shoals:3 | Identified a +0 leather armour
 33467 | Shoals:3 | Identified a ring of poison resistance (You found it on
                  | level 2 of the Shoals)
 33603 | Shoals:3 | Received a gift from Okawaru
 33959 | Shoals:3 | Reached skill level 10 in Shields
 33959 | Shoals:3 | Reached XP level 19. HP: 192/192 MP: 24/24
 34044 | Shoals:3 | Reached skill level 22 in Unarmed Combat
 34313 | Shoals:3 | Identified a cursed -1 quarterstaff
 34313 | Shoals:3 | Identified a +0 hunting sling
 34313 | Shoals:3 | Identified a +0 club
 34313 | Shoals:3 | Identified a +0 hunting sling
 34321 | Shoals:3 | Identified a +2 spear of flaming
 34321 | Shoals:3 | Identified a +0 hunting sling
 34325 | Shoals:3 | Identified a +0 club
 34325 | Shoals:3 | Identified a +3 hunting sling
 34482 | Shoals:3 | Got a scorched golden ring
 34484 | Shoals:3 | Identified the ring of Conflict {+Fly rElec Dex-4 Slay+4}
                  | (You acquired it on level 3 of the Shoals)
 34489 | Shoals:4 | Entered Level 4 of the Shoals
 34492 | Shoals:4 | Identified a +0 trident
 34498 | Shoals:4 | Identified a +0 trident
 34651 | Shoals:4 | Identified a +0 trident
 34656 | Shoals:4 | Identified a +0 trident
 34769 | Shoals:4 | Identified a cursed -1 trident
 34856 | Shoals:4 | Identified a +5 rapier of draining
 34856 | Shoals:4 | Identified a +0 robe
 34856 | Shoals:4 | Identified a +2 trident of protection
 34856 | Shoals:4 | Identified a cursed +0 leather armour
 34856 | Shoals:4 | Identified a +0 rapier
 34856 | Shoals:4 | Identified a +0 robe
 34856 | Shoals:4 | Identified a +2 rapier of electrocution
 34856 | Shoals:4 | Identified a +0 robe
 34856 | Shoals:4 | Identified a +0 spear
 34856 | Shoals:4 | Identified a +0 leather armour
 34856 | Shoals:4 | Identified a +0 rapier
 34856 | Shoals:4 | Identified a +0 robe
 34892 | Shoals:4 | Identified a cursed -2 trident
 34892 | Shoals:4 | Identified a +0 robe
 34918 | Shoals:4 | Got a barnacled rune of Zot
 35119 | Shoals:4 | Reached XP level 20. HP: 201/201 MP: 25/25
 35141 | Shoals:4 | Identified a +0 spear
 35141 | Shoals:4 | Identified a +0 quarterstaff
 35141 | Shoals:4 | Identified a +0 longbow
 35141 | Shoals:4 | Identified a +0 club
 35141 | Shoals:4 | Identified a +0 hunting sling
 35141 | Shoals:4 | Identified a +0 club
 35141 | Shoals:4 | Identified a +0 hunting sling
 35141 | Shoals:4 | Identified a +0 spear
 35141 | Shoals:4 | Identified a +0 hunting sling
 35144 | Shoals:4 | Identified a +0 trident of piercing
 35157 | Shoals:4 | Identified a +0 trident
 35162 | Shoals:4 | Received a gift from Okawaru
 35169 | Shoals:4 | Identified a +4 spear of venom
 35169 | Shoals:4 | Identified a +0 leather armour
 35203 | Shoals:4 | Identified a +1 spear of flaming
 35203 | Shoals:4 | Identified a +0 leather armour
 35205 | Shoals:4 | Identified a +0 trident of protection
 35205 | Shoals:4 | Identified a +0 leather armour
 35207 | Shoals:4 | Identified a +0 trident
 35208 | Shoals:4 | Identified a +2 spear of piercing
 35208 | Shoals:4 | Identified a +0 leather armour
 35211 | Shoals:4 | Identified a +4 rapier of flaming
 35211 | Shoals:4 | Identified a +0 robe
 35230 | Shoals:4 | HP: 44/201 [merfolk javelineer/javelin (12)]
 35237 | Shoals:4 | HP: 22/201 [merfolk javelineer/javelin (24)]
 35243 | Shoals:4 | HP: 38/201 [merfolk javelineer/javelin (5)]
 35267 | Shoals:4 | Identified a +2 spear of freezing
 35267 | Shoals:4 | Identified a +0 leather armour
 35384 | Shoals:4 | Identified a +0 trident
 35384 | Shoals:4 | Identified a +0 leather armour
 35573 | Shoals:4 | Identified a +0 trident
 35574 | Shoals:4 | Identified a +0 spear
 35574 | Shoals:4 | Identified a +0 leather armour
 35575 | Shoals:4 | Identified a cursed -1 rapier
 35575 | Shoals:4 | Identified a +0 robe
 35575 | Shoals:4 | Identified a +0 club
 35575 | Shoals:4 | Identified a +0 longbow
 35577 | Shoals:4 | Received a gift from Okawaru
 35579 | Shoals:4 | Identified a +0 club
 35579 | Shoals:4 | Identified a +0 longbow
 35599 | Shoals:4 | Identified a +0 trident
 35646 | Shoals:4 | Reached skill level 10 in Armour
 35670 | Shoals:4 | Found Voge's Antique Armour Boutique.
 35698 | Shoals:4 | Identified the Catalogue of the Displaced Oath
 35788 | Shoals:4 | Got a scorched falchion
 35792 | Shoals:4 | Identified a +0 trident
 35866 | Shoals:4 | Identified a cursed -1 rapier
 35866 | Shoals:4 | Identified a +0 robe
 35880 | Shoals:4 | Identified a +2 trident of pain
 35880 | Shoals:4 | Identified a +0 robe
 35977 | Shoals:4 | Identified a +2 cloak of poison resistance (Okawaru gifted
                  | it to you on level 4 of the Shoals)
 36031 | Shoals:4 | Identified a +3 spear
 36031 | Shoals:4 | Identified a cursed +0 leather armour
 36033 | Shoals:4 | Identified a +0 spear
 36033 | Shoals:4 | Identified a +0 hunting sling
 36042 | Shoals:4 | Reached skill level 11 in Shields
 36043 | Shoals:4 | Identified a +0 club
 36043 | Shoals:4 | Identified a -1 fustibalus
 36043 | Shoals:4 | Identified a +0 quarterstaff of protection
 36043 | Shoals:4 | Identified a +0 hunting sling
 36046 | Shoals:4 | Identified a +0 club
 36046 | Shoals:4 | Identified a +0 hunting sling of freezing
 36047 | Shoals:4 | Identified a +0 quarterstaff
 36047 | Shoals:4 | Identified a +0 hunting sling
 36587 | Vaults:1 | Entered Level 1 of the Vaults
 36616 | Vaults:1 | Identified a +0 arbalest
 36667 | Vaults:1 | Identified a +0 giant spiked club
 36669 | Vaults:1 | Identified a +0 flail
 36669 | Vaults:1 | Identified a +0 ring mail
 36669 | Vaults:1 | Identified a +0 flail
 36669 | Vaults:1 | Identified a +0 robe
 36669 | Vaults:1 | Identified a +0 giant spiked club
 36763 | Vaults:1 | Identified a cursed +0 bardiche
 36763 | Vaults:1 | Identified a +0 chain mail
 36763 | Vaults:1 | Identified a +0 whip
 36763 | Vaults:1 | Identified a +2 flail of draining
 36763 | Vaults:1 | Identified a +0 leather armour
 36763 | Vaults:1 | Identified a +0 short sword
 36763 | Vaults:1 | Identified a +0 war axe
 36763 | Vaults:1 | Identified a +0 mace
 36763 | Vaults:1 | Identified a +0 plate armour
 36787 | Vaults:1 | Identified a +0 giant club
 36882 | Vaults:1 | Identified a +0 arbalest
 36882 | Vaults:1 | Identified a cursed +0 arbalest
 36937 | Vaults:1 | Identified a +0 great mace
 36937 | Vaults:1 | Identified a +0 scale mail
 36938 | Vaults:1 | Identified a +0 war axe
 36938 | Vaults:1 | Identified a +0 chain mail
 36938 | Vaults:1 | Identified a +0 battleaxe
 36938 | Vaults:1 | Identified a +0 chain mail
 36941 | Vaults:1 | Identified a +2 antimagic war axe
 36941 | Vaults:1 | Identified a +0 arbalest
 36941 | Vaults:1 | Identified a +0 scale mail
 36945 | Vaults:1 | Identified a +0 mace
 36945 | Vaults:1 | Identified a +0 mace
 36945 | Vaults:1 | Identified a +0 leather armour
 36945 | Vaults:1 | Identified a +0 long sword
 36945 | Vaults:1 | Identified a +0 leather armour
 36945 | Vaults:1 | Identified a cursed +0 dagger
 36945 | Vaults:1 | Identified a +0 robe
 36945 | Vaults:1 | Identified a +0 mace
 36945 | Vaults:1 | Identified a +0 plate armour
 36945 | Vaults:1 | Identified a +3 scimitar
 37177 | Vaults:1 | Identified a +0 great sword
 37177 | Vaults:1 | Identified a +0 plate armour
 37177 | Vaults:1 | Identified a +0 flail
 37177 | Vaults:1 | Identified a +0 ring mail
 37177 | Vaults:1 | Identified a +3 dire flail of protection
 37177 | Vaults:1 | Identified a +0 plate armour
 37177 | Vaults:1 | Identified a +0 halberd
 37177 | Vaults:1 | Identified a +0 chain mail
 37178 | Vaults:1 | Identified a +6 longbow
 37185 | Vaults:1 | Identified a +0 dire flail of protection
 37185 | Vaults:1 | Identified a +0 scale mail
 37196 | Vaults:1 | Identified a +0 club
 37196 | Vaults:1 | Identified a +0 chain mail
 37197 | Vaults:1 | Identified a +0 long sword
 37197 | Vaults:1 | Identified a +0 shortbow
 37197 | Vaults:1 | Identified a +0 ring mail
 37197 | Vaults:1 | Identified a +0 leather armour
 37197 | Vaults:1 | Identified a +0 arbalest
 37272 | Vaults:1 | Identified a +0 rapier
 37272 | Vaults:1 | Identified a +0 leather armour
 37272 | Vaults:1 | Noticed a deep elf sorcerer
 37272 | Vaults:1 | Identified a +0 short sword
 37272 | Vaults:1 | Identified a +0 shortbow
 37272 | Vaults:1 | Identified a +0 leather armour
 37272 | Vaults:1 | Identified a +0 short sword
 37272 | Vaults:1 | Identified a +0 shortbow
 37272 | Vaults:1 | Identified a +0 leather armour
 37276 | Vaults:1 | Killed a deep elf sorcerer
 37342 | Vaults:1 | Identified a +0 great mace of protection
 37342 | Vaults:1 | Identified a +0 scale mail
 37345 | Vaults:1 | Identified a +0 arbalest
 37346 | Vaults:1 | Identified a +0 giant club
 37359 | Vaults:1 | Identified a ring of dexterity (You found it on level 1 of
                  | the Vaults)
 37469 | Vaults:1 | Identified a +2 long sword of holy wrath
 37469 | Vaults:1 | Identified a +0 plate armour
 37469 | Vaults:1 | Identified a +0 broad axe
 37469 | Vaults:1 | Identified a +0 plate armour
 37469 | Vaults:1 | Identified a +0 club
 37469 | Vaults:1 | Identified a +0 ring mail
 37469 | Vaults:1 | Identified a +0 dire flail
 37469 | Vaults:1 | Identified a +0 plate armour
 37469 | Vaults:1 | Identified a +0 leather armour
 37566 | Vaults:1 | Identified a +1 antimagic morningstar
 37566 | Vaults:1 | Identified a +0 leather armour of cold resistance
 37566 | Vaults:1 | Identified a +2 shield
 37566 | Vaults:1 | Noticed Asterion
 37595 | Vaults:1 | Killed Asterion
 37595 | Vaults:1 | Received a gift from Okawaru
 37708 | Vaults:1 | Identified a +0 great mace of holy wrath
 37708 | Vaults:1 | Identified a +0 scale mail
 37714 | Vaults:1 | Reached skill level 23 in Unarmed Combat
 37911 | Vaults:1 | Identified a +0 arbalest
 37911 | Vaults:1 | Identified a cursed -1 short sword
 37912 | Vaults:1 | Identified a +0 club
 37913 | Vaults:1 | Identified a +0 glaive
 37913 | Vaults:1 | Identified a +0 chain mail
 37913 | Vaults:1 | Identified a +3 battleaxe
 37913 | Vaults:1 | Identified a +0 chain mail
 37931 | Vaults:1 | Received a gift from Okawaru
 38026 | Vaults:1 | Identified a +0 mace
 38026 | Vaults:1 | Identified a +0 leather armour
 38036 | Vaults:1 | Identified a +0 troll leather armour
 38046 | Vaults:1 | Identified a +0 troll leather armour
 38081 | Vaults:1 | Received a gift from Okawaru
 38081 | Vaults:1 | Identified a +0 troll leather armour
 38084 | Vaults:1 | Got a crude robe {god gift}
 38096 | Vaults:1 | Identified the +1 robe of the Invisible Lovers {+Fly rCorr
                  | Str-2 Slay-4} (Okawaru gifted it to you on level 1 of the
                  | Vaults)
 38134 | Vaults:1 | Identified a +0 dire flail
 38135 | Vaults:1 | Identified a +1 hand axe
 38228 | Vaults:1 | Identified a +0 arbalest
 38229 | Vaults:1 | Identified a +0 arbalest
 38230 | Vaults:1 | Identified a +0 arbalest
 38329 | Vaults:1 | Identified a +0 robe
 38329 | Vaults:1 | Identified a +0 giant club
 38329 | Vaults:1 | Identified a +0 giant club
 38329 | Vaults:1 | Identified a +0 great mace
 38329 | Vaults:1 | Identified a +0 giant spiked club
 38329 | Vaults:1 | Identified a +0 giant spiked club
 38329 | Vaults:1 | Identified a +0 giant spiked club
 38329 | Vaults:1 | Identified a +0 giant spiked club
 38329 | Vaults:1 | Identified a +0 giant club
 38329 | Vaults:1 | Identified a +0 giant club
 38364 | Vaults:1 | Identified a +0 falchion
 38364 | Vaults:1 | Identified a +0 robe
 38365 | Vaults:1 | Identified a +0 dagger
 38365 | Vaults:1 | Identified a +0 robe
 38367 | Vaults:1 | Identified a +0 great sword
 38367 | Vaults:1 | Identified a +0 plate armour
 38597 | Vaults:2 | Identified a cursed +0 arbalest
 38597 | Vaults:2 | Identified a +0 arbalest
 38597 | Vaults:2 | Identified a +0 arbalest
 38629 | Vaults:2 | Identified a +5 scimitar
 38629 | Vaults:2 | Identified a +0 plate armour
 38629 | Vaults:2 | Noticed Frederick
 38644 | Vaults:2 | Killed Frederick
 38677 | Vaults:2 | Identified a +0 dire flail
 38677 | Vaults:2 | Identified a +0 ring mail
 38839 | Vaults:2 | Identified a +3 battleaxe
 38839 | Vaults:2 | Identified a +0 chain mail
 38839 | Vaults:2 | Identified a +0 short sword
 38839 | Vaults:2 | Identified a +0 dagger
 38839 | Vaults:2 | Identified a +0 robe
 38848 | Vaults:2 | Identified a +0 giant club
 38853 | Vaults:2 | Identified a +0 dagger
 38853 | Vaults:2 | Identified a cursed +0 robe
 38959 | Vaults:2 | Identified a +0 flail
 38959 | Vaults:2 | Identified a +0 leather armour
 38970 | Vaults:2 | Reached skill level 11 in Armour
 38998 | Vaults:2 | Identified a +0 arbalest
 39119 | Vaults:2 | Identified a +3 rapier of electrocution
 39119 | Vaults:2 | Identified a +0 cloak
 39119 | Vaults:2 | Identified the +1 pair of gloves of the Trees {rPois MP+9}
 39119 | Vaults:2 | Noticed Nikola
 39184 | Vaults:2 | Killed Nikola
 39184 | Vaults:2 | Reached XP level 21. HP: 209/209 MP: 26/26
 39232 | Vaults:2 | Identified a +0 dagger of protection
 39232 | Vaults:2 | Identified a +0 robe
 39480 | Vaults:2 | Identified a +0 mace
 39480 | Vaults:2 | Identified a +0 ring mail
 39558 | Vaults:2 | Identified +0 ice dragon scales
 39601 | Vaults:2 | Identified a +0 morningstar
 39601 | Vaults:2 | Identified a +0 ring mail
 39605 | Vaults:2 | Identified a +0 arbalest
 39605 | Vaults:2 | Identified a +0 long sword
 39624 | Vaults:2 | Identified a +0 long sword
 39624 | Vaults:2 | Identified a +0 ring mail
 39624 | Vaults:2 | Identified a +0 battleaxe
 39624 | Vaults:2 | Identified a +0 plate armour
 39626 | Vaults:2 | Identified a +0 giant club
 39633 | Vaults:2 | Identified a +0 short sword
 39633 | Vaults:2 | Identified a +0 scale mail
 39640 | Vaults:2 | Identified a +0 dagger
 39640 | Vaults:2 | Identified a +0 shortbow
 39640 | Vaults:2 | Identified a +0 leather armour
 39641 | Vaults:2 | Identified a +0 short sword
 39641 | Vaults:2 | Identified a +3 war axe of venom
 39641 | Vaults:2 | Identified a +0 plate armour
 39645 | Vaults:2 | Reached skill level 12 in Shields
 39649 | Vaults:2 | Identified a +0 dire flail
 39649 | Vaults:2 | Identified a +0 ring mail
 39655 | Vaults:2 | Identified a +0 war axe of chopping
 39655 | Vaults:2 | Identified a +2 chain mail of cold resistance
 39813 | Vaults:2 | Identified a cursed -3 long sword
 39814 | Vaults:2 | Identified a +0 dire flail
 39814 | Vaults:2 | Identified a +0 battleaxe
 39816 | Vaults:2 | Received a gift from Okawaru
 39818 | Vaults:2 | Identified a +0 dire flail
 39826 | Vaults:2 | Got an iridescent demon whip {god gift}
 39834 | Vaults:2 | Identified the +1 demon whip "Ciomuqeis" {freeze, Str+2
                  | Int-4 Dex+2} (Okawaru gifted it to you on level 2 of the
                  | Vaults)
 39857 | Vaults:2 | Found Usufenn's Assorted Antiques.
 39865 | Vaults:2 | Bought a vibrating iron ring for 175 gold pieces
 39865 | Vaults:2 | Identified the cursed ring "Yxtyd" {rPois Str-4 Int+3} (You
                  | bought it in a shop on level 2 of the Vaults)
 39881 | Vaults:2 | Identified a +0 trident
 39881 | Vaults:2 | Identified a +0 chain mail
 39881 | Vaults:2 | Identified a +0 trident
 39881 | Vaults:2 | Identified a cursed +0 chain mail
 39881 | Vaults:2 | Identified a cursed -3 whip
 39881 | Vaults:2 | Identified a +0 club
 39881 | Vaults:2 | Identified a +0 leather armour
 39882 | Vaults:2 | Identified a +0 dire flail
 39882 | Vaults:2 | Identified a +0 chain mail
 39883 | Vaults:2 | Identified a +0 club
 39933 | Vaults:2 | Identified a cursed -1 giant spiked club
 39933 | Vaults:2 | Identified a +0 dire flail
 39934 | Vaults:2 | Identified a +0 robe
 39936 | Vaults:2 | Identified a +0 dire flail
 39936 | Vaults:2 | Identified a +0 giant club
 39937 | Vaults:2 | Identified a +0 giant club
 39941 | Vaults:2 | Identified a +0 giant club
 39941 | Vaults:2 | Identified a +0 giant spiked club
 39979 | Vaults:2 | Identified a +0 arbalest
 39979 | Vaults:2 | Identified a +0 arbalest
 39979 | Vaults:2 | Identified a +0 arbalest
 39980 | Vaults:2 | Identified a +0 arbalest
 40118 | Vaults:2 | Identified a +0 arbalest
 40118 | Vaults:2 | Identified a +0 arbalest
 40118 | Vaults:2 | Identified a +0 arbalest
 40140 | Vaults:2 | Identified a +0 arbalest
 40241 | Vaults:2 | Identified a +0 flail
 40241 | Vaults:2 | Identified a +0 ring mail
 40248 | Vaults:2 | Identified +0 ice dragon scales
 40421 | Vaults:2 | Identified a +2 cloak (You found it on level 2 of the
                  | Vaults)
 40692 | Vaults:2 | Identified +0 fire dragon scales
 40732 | Vaults:3 | Identified a +0 dagger
 40732 | Vaults:3 | Identified a +0 shortbow
 40732 | Vaults:3 | Identified a +0 leather armour
 40732 | Vaults:3 | Identified a +0 rapier
 40734 | Vaults:3 | Identified a +0 long sword
 40734 | Vaults:3 | Identified a +0 great mace
 40734 | Vaults:3 | Identified a +0 ring mail
 40736 | Vaults:3 | Identified a +1 scimitar of distortion
 40736 | Vaults:3 | Identified a +0 longbow
 40740 | Vaults:3 | Identified a +0 short sword
 40745 | Vaults:3 | Identified a +0 long sword
 40745 | Vaults:3 | Identified a cursed +0 scale mail
 40755 | Vaults:3 | Identified a cursed -3 long sword
 40755 | Vaults:3 | Identified a +0 shortbow
 40755 | Vaults:3 | Identified a +0 leather armour
 40756 | Vaults:3 | Noticed an entropy weaver
 40763 | Vaults:3 | Identified a +0 dagger
 40763 | Vaults:3 | Identified a cursed +0 robe
 40771 | Vaults:3 | Killed an entropy weaver
 40771 | Vaults:3 | Received a gift from Okawaru
 40786 | Vaults:3 | Identified a +0 flail
 40786 | Vaults:3 | Identified a +0 ring mail
 40788 | Vaults:3 | Identified a +0 long sword
 40909 | Vaults:3 | Reached skill level 24 in Unarmed Combat
 40923 | Vaults:3 | Identified a +0 robe
 40927 | Vaults:3 | Identified a +0 rapier
 40927 | Vaults:3 | Noticed a deep elf demonologist
 40927 | Vaults:3 | Identified a +0 scimitar
 40927 | Vaults:3 | Identified a +0 leather armour
 40928 | Vaults:3 | Identified a +0 dagger
 40928 | Vaults:3 | Identified a +0 scale mail
 40928 | Vaults:3 | Identified a cursed -3 scimitar
 40940 | Vaults:3 | Killed a deep elf demonologist
 40973 | Vaults:3 | Found a staircase to the Crypt.
 41000 | Vaults:3 | Identified a +0 morningstar
 41000 | Vaults:3 | Identified a +0 scale mail
 41003 | Vaults:3 | Identified a +3 broad axe of freezing
 41003 | Vaults:3 | Identified a +0 chain mail
 41003 | Vaults:3 | Identified a +0 giant club
 41003 | Vaults:3 | Identified a +0 giant spiked club
 41003 | Vaults:3 | Identified a +0 giant club
 41003 | Vaults:3 | Identified a +0 giant club
 41003 | Vaults:3 | Identified a +0 flail
 41003 | Vaults:3 | Identified a +0 chain mail
 41003 | Vaults:3 | Identified a +0 scimitar
 41003 | Vaults:3 | Identified a +0 plate armour
 41003 | Vaults:3 | Identified a +0 rapier
 41003 | Vaults:3 | Identified a +0 leather armour
 41084 | Vaults:3 | Identified a +1 war axe of freezing
 41084 | Vaults:3 | Identified a +0 chain mail
 41177 | Vaults:3 | Identified a +0 morningstar
 41177 | Vaults:3 | Identified a +0 scale mail
 41187 | Vaults:3 | Identified a +0 dire flail
 41187 | Vaults:3 | Identified a +0 scale mail
 41188 | Vaults:3 | Identified a +0 great mace
 41188 | Vaults:3 | Identified a +0 leather armour
 41235 | Vaults:3 | Received a gift from Okawaru
 41331 | Vaults:3 | Identified a +0 arbalest
 41334 | Vaults:3 | Identified a +0 dire flail of crushing
 41334 | Vaults:3 | Identified a +0 dire flail
 41451 | Vaults:3 | Identified a +0 long sword
 41451 | Vaults:3 | Identified a +0 ring mail
 41468 | Vaults:3 | You fall into a shaft and drop 1 floor!
 41469 | Vaults:4 | Identified a +0 long sword
 41469 | Vaults:4 | Identified a +0 arbalest
 41469 | Vaults:4 | Identified a cursed +0 ring mail
 41509 | Vaults:4 | Identified a +2 morningstar of crushing
 41509 | Vaults:4 | Identified a +0 leather armour
 41517 | Vaults:4 | Identified a +0 troll leather armour
 41527 | Vaults:4 | Reached skill level 12 in Armour
 41528 | Vaults:4 | Received a gift from Okawaru
 41734 | Vaults:3 | Identified a +0 dire flail of crushing
 41734 | Vaults:3 | Identified a +0 dire flail
 41830 | Vaults:3 | Identified a +0 battleaxe
 41830 | Vaults:3 | Identified a +2 plate armour of fire resistance
 41831 | Vaults:3 | Identified a +3 battleaxe
 41831 | Vaults:3 | Identified a +0 chain mail
 41831 | Vaults:3 | Identified a +0 falchion
 41834 | Vaults:3 | Identified a +0 falchion
 41837 | Vaults:3 | Identified a +0 shortbow
 41876 | Vaults:3 | Identified a +0 great mace
 41876 | Vaults:3 | Identified a +0 ring mail
 41883 | Vaults:3 | Identified a +1 long sword of distortion
 41883 | Vaults:3 | Identified a +0 plate armour
 41883 | Vaults:3 | Identified a +0 shield
 41957 | Vaults:3 | Identified a +1 mace of distortion
 41957 | Vaults:3 | Identified a +0 leather armour
 41958 | Vaults:3 | Identified a +0 long sword
 41958 | Vaults:3 | Identified a +0 arbalest
 41958 | Vaults:3 | Identified a +0 plate armour
 41960 | Vaults:3 | Identified a +0 halberd
 41960 | Vaults:3 | Identified a +0 plate armour
 41960 | Vaults:3 | Identified a +0 halberd
 41960 | Vaults:3 | Identified a +0 chain mail
 42093 | Vaults:3 | Identified a +1 great sword
 42093 | Vaults:3 | Identified a +0 chain mail
 42096 | Vaults:3 | Identified a +0 mace
 42096 | Vaults:3 | Identified a +0 hand axe of flaming
 42167 | Vaults:3 | Identified a +0 giant spiked club
 42167 | Vaults:3 | Identified a +0 giant club
 42170 | Vaults:3 | Identified a +0 club
 42170 | Vaults:3 | Identified a +0 robe
 42170 | Vaults:3 | Identified a cursed -2 long sword
 42170 | Vaults:3 | Identified a +0 ring mail
 42170 | Vaults:3 | Identified a cursed -1 long sword
 42170 | Vaults:3 | Identified a +0 chain mail
 42177 | Vaults:3 | Identified a +0 giant spiked club
 42228 | Vaults:3 | Noticed Xtahua
 42243 | Vaults:3 | Killed Xtahua
 42495 | Vaults:4 | Identified a +0 short sword
 42495 | Vaults:4 | Identified a +0 shortbow
 42495 | Vaults:4 | Identified a +0 leather armour
 42517 | Vaults:4 | Identified a +0 spear
 42517 | Vaults:4 | Identified a +0 robe
 42517 | Vaults:4 | Identified a +0 giant club
 42517 | Vaults:4 | Identified a +0 giant club
 42517 | Vaults:4 | Identified a +0 giant spiked club
 42517 | Vaults:4 | Identified a +0 giant club
 42523 | Vaults:4 | Identified a +0 giant club
 42525 | Vaults:4 | Identified a +0 giant spiked club
 42525 | Vaults:4 | Identified a +0 giant spiked club
 42525 | Vaults:4 | Identified a +0 giant club
 42530 | Vaults:4 | Reached XP level 22. HP: 218/218 MP: 27/27
 42591 | Vaults:4 | Identified a +0 short sword
 42591 | Vaults:4 | Identified a +0 leather armour
 42628 | Vaults:4 | Identified a +0 robe
 42628 | Vaults:4 | Identified a +0 great mace
 42628 | Vaults:4 | Identified a +0 giant spiked club
 42628 | Vaults:4 | Identified a +0 giant club
 42628 | Vaults:4 | Identified a +0 giant club
 42628 | Vaults:4 | Identified a +0 giant club
 42628 | Vaults:4 | Identified a +0 giant club
 42628 | Vaults:4 | Identified a cursed +0 giant club
 42628 | Vaults:4 | Identified a +0 dire flail
 42629 | Vaults:4 | Identified a +0 giant club
 42631 | Vaults:4 | Identified a +0 giant club
 42632 | Vaults:4 | Reached skill level 13 in Shields
 42643 | Vaults:4 | Identified a +0 morningstar
 42643 | Vaults:4 | Identified a +0 leather armour
 42664 | Vaults:4 | Identified a +0 troll leather armour
 42669 | Vaults:4 | Identified a +0 troll leather armour
 42784 | Vaults:4 | Identified a +3 arbalest
 42867 | Vaults:4 | Identified a +0 eudemon blade of holy wrath
 42867 | Vaults:4 | Identified a +0 large shield
 42867 | Vaults:4 | Noticed Mennas
 42883 | Vaults:4 | Killed Mennas
 43028 | Vaults:4 | Received a gift from Okawaru
 43114 | Vaults:4 | Identified a +0 dire flail
 43114 | Vaults:4 | Identified a +0 dire flail
 43190 | Vaults:4 | Identified a +0 arbalest
 43190 | Vaults:4 | Identified a +0 arbalest
 43190 | Vaults:4 | Identified a +0 arbalest
 43242 | Vaults:4 | Identified a +5 long sword
 43242 | Vaults:4 | Identified a +0 chain mail
 43242 | Vaults:4 | Identified a +4 great mace of flaming
 43242 | Vaults:4 | Identified a +0 chain mail
 43242 | Vaults:4 | Identified a +5 broad axe
 43242 | Vaults:4 | Identified a +0 plate armour
 43243 | Vaults:4 | Identified a +1 demon trident of flaming
 43243 | Vaults:4 | Identified +0 fire dragon scales
 43243 | Vaults:4 | Noticed Margery
 43246 | Vaults:4 | Identified a +5 long sword
 43246 | Vaults:4 | Identified a +0 plate armour
 43256 | Vaults:4 | Identified a +4 long sword
 43256 | Vaults:4 | Identified a +0 plate armour
 43263 | Vaults:4 | Killed Margery
 43267 | Vaults:4 | Received a gift from Okawaru
 43352 | Vaults:4 | Identified a +0 demon whip of electrocution
 43352 | Vaults:4 | Identified a +0 robe
 43352 | Vaults:4 | Noticed Mara
 43360 | Vaults:4 | Identified a +0 morningstar
 43360 | Vaults:4 | Identified a +0 chain mail
 43366 | Vaults:4 | Noticed drasked's illusion
 43383 | Vaults:4 | Killed Mara
 43384 | Vaults:4 | Identified a +0 dire flail
 43384 | Vaults:4 | Identified a +0 dire flail
 43387 | Vaults:4 | Reached skill level 25 in Unarmed Combat
 43519 | Vaults:4 | Identified a +0 arbalest
 43560 | Vaults:4 | Identified a +0 trident
 43565 | Vaults:4 | Identified a +0 great sword
 43565 | Vaults:4 | Identified a +0 arbalest
 43565 | Vaults:4 | Identified a cursed +0 plate armour
 43567 | Vaults:4 | Identified a +0 short sword
 43567 | Vaults:4 | Identified a +0 chain mail
 43567 | Vaults:4 | Identified a +0 war axe
 43567 | Vaults:4 | Identified a +0 plate armour
 43569 | Vaults:4 | Identified a +0 giant club
 43569 | Vaults:4 | Identified a +0 giant club
 43569 | Vaults:4 | Identified a +0 giant club
 43569 | Vaults:4 | Identified a +0 giant club
 43572 | Vaults:4 | Identified a +0 giant spiked club
 43572 | Vaults:4 | Identified a +0 leather armour
 43574 | Vaults:4 | Identified a +0 giant club
 43575 | Vaults:4 | Identified a +4 flail
 43575 | Vaults:4 | Identified a +0 robe
 43575 | Vaults:4 | Identified a +0 giant club
 43577 | Vaults:4 | Identified a cursed -1 giant club
 43577 | Vaults:4 | Identified a +0 giant club
 43581 | Vaults:4 | Identified a +0 giant club
 43581 | Vaults:4 | Identified a +0 dire flail
 43585 | Vaults:4 | Identified a +0 dagger
 43585 | Vaults:4 | Identified a +0 robe
 43719 | Vaults:5 | Entered Level 5 of the Vaults
 43719 | Vaults:5 | Identified a +4 halberd of chopping
 43719 | Vaults:5 | Identified a +0 chain mail
 43719 | Vaults:5 | Identified a +0 bardiche
 43719 | Vaults:5 | Identified a +0 chain mail
 43719 | Vaults:5 | Identified a +3 halberd
 43719 | Vaults:5 | Identified a +0 plate armour
 43719 | Vaults:5 | Identified a +0 war axe
 43719 | Vaults:5 | Identified a +0 plate armour
 43719 | Vaults:5 | Identified a +0 glaive
 43719 | Vaults:5 | Identified a +0 plate armour
 43719 | Vaults:5 | Identified a +3 great mace of protection
 43719 | Vaults:5 | Identified a +0 chain mail
 43719 | Vaults:5 | Identified a +0 great sword
 43719 | Vaults:5 | Identified a +0 plate armour
 43719 | Vaults:5 | Identified a +0 glaive
 43719 | Vaults:5 | Identified a +0 plate armour
 43719 | Vaults:5 | Identified a +1 great mace of holy wrath
 43719 | Vaults:5 | Identified a +0 chain mail
 43719 | Vaults:5 | Identified a +0 battleaxe
 43719 | Vaults:5 | Identified a +0 chain mail
 43719 | Vaults:5 | Identified a +1 bardiche
 43719 | Vaults:5 | Identified a +0 plate armour
 43719 | Vaults:5 | Identified a +0 war axe
 43719 | Vaults:5 | Identified a +0 chain mail
 43719 | Vaults:5 | Identified a +1 battleaxe of freezing
 43719 | Vaults:5 | Identified a cursed -1 chain mail
 43719 | Vaults:5 | Identified a +2 long sword
 43719 | Vaults:5 | Identified a +0 plate armour
 43719 | Vaults:5 | Identified a +0 large shield
 43719 | Vaults:5 | Identified a +3 halberd
 43719 | Vaults:5 | Identified a +0 plate armour
 43719 | Vaults:5 | Identified a +0 broad axe
 43719 | Vaults:5 | Identified a +0 plate armour
 43719 | Vaults:5 | Identified a +0 bardiche
 43719 | Vaults:5 | Identified a +0 chain mail
 43719 | Vaults:5 | Identified a +3 battleaxe
 43719 | Vaults:5 | Identified a +0 chain mail
 43719 | Vaults:5 | Identified a +0 bardiche
 43719 | Vaults:5 | Identified a +0 chain mail
 43719 | Vaults:5 | Identified a +3 vampiric long sword
 43719 | Vaults:5 | Identified a +0 chain mail
 43719 | Vaults:5 | Identified a +0 great mace
 43719 | Vaults:5 | Identified a +0 plate armour
 43719 | Vaults:5 | Identified a +0 great sword
 43719 | Vaults:5 | Identified a +0 plate armour
 43719 | Vaults:5 | Identified a +0 halberd
 43719 | Vaults:5 | Identified a +0 plate armour
 43719 | Vaults:5 | Identified a +0 great mace
 43719 | Vaults:5 | Identified a +0 chain mail
 43719 | Vaults:5 | Identified a +0 great mace
 43719 | Vaults:5 | Identified a +0 plate armour
 43719 | Vaults:5 | Identified a +0 giant club
 43719 | Vaults:5 | Identified a +0 giant club
 43721 | Vaults:5 | Identified a +0 arbalest
 43721 | Vaults:5 | Identified a +0 giant club
 43721 | Vaults:5 | Identified a +0 giant spiked club
 43730 | Vaults:5 | Identified a +2 battleaxe of freezing
 43738 | Vaults:5 | Identified a +0 giant club
 43738 | Vaults:5 | Identified a +0 giant club
 43738 | Vaults:5 | Identified a +0 long sword
 43769 | Vaults:5 | Identified a +0 giant spiked club
 43769 | Vaults:5 | Identified a +0 giant spiked club
 43769 | Vaults:5 | Identified a +0 dire flail
 43769 | Vaults:5 | Identified a +0 great mace
 43769 | Vaults:5 | Identified a +0 long sword
 43769 | Vaults:5 | Identified a +0 scale mail
 43771 | Vaults:5 | Identified a +0 morningstar
 43771 | Vaults:5 | Identified a +0 ring mail
 43775 | Vaults:5 | Identified a +2 robe of magic resistance
 43975 | Vaults:5 | Identified a +0 giant club
 43975 | Vaults:5 | Identified a +0 arbalest
 43976 | Vaults:5 | Identified a +0 short sword
 43976 | Vaults:5 | Identified a +2 leather armour of cold resistance
 43987 | Vaults:4 | Reached skill level 13 in Armour
 43994 | Vaults:5 | Identified a +0 giant club
 43994 | Vaults:5 | Identified a +0 giant spiked club
 44003 | Vaults:5 | Identified a cursed -1 dire flail
 44003 | Vaults:5 | Identified a +0 dire flail
 44004 | Vaults:5 | Identified a +0 arbalest
 44135 | Vaults:4 | Received a gift from Okawaru
 44186 | Vaults:5 | Identified a +0 morningstar
 44186 | Vaults:5 | Identified a +0 ring mail
 44186 | Vaults:5 | Identified a +0 arbalest
 44186 | Vaults:5 | Identified a +2 long sword of slicing
 44186 | Vaults:5 | Identified a cursed +0 scale mail
 44186 | Vaults:5 | Identified a +0 buckler of protection
 44270 | Vaults:5 | Identified a +0 arbalest
 44270 | Vaults:5 | Identified a +2 broad axe of venom
 44270 | Vaults:5 | Identified a +0 chain mail
 44270 | Vaults:5 | Identified a +2 shield
 44324 | Vaults:5 | Noticed an ancient lich
 44326 | Vaults:5 | Identified a +0 great mace
 44326 | Vaults:5 | Identified a +0 scale mail
 44374 | Vaults:5 | Identified a +0 rapier
 44380 | Vaults:4 | Killed an ancient lich
 44380 | Vaults:4 | Received a gift from Okawaru
 44435 | Vaults:5 | Identified a +0 dire flail
 44439 | Vaults:5 | Identified a +0 mace
 44440 | Vaults:5 | Identified a +1 battleaxe of freezing
 44463 | Vaults:5 | Identified a +2 great sword of flaming
 44463 | Vaults:5 | Identified a cursed -1 giant club
 44463 | Vaults:5 | Identified a +2 halberd of chopping
 44463 | Vaults:5 | Identified a +0 chain mail
 44563 | Vaults:5 | Identified a +0 arbalest
 44573 | Vaults:5 | Identified a +0 arbalest
 44574 | Vaults:5 | Identified a +2 glaive of protection
 44574 | Vaults:5 | Identified a +0 scale mail
 44574 | Vaults:5 | Identified a +0 giant club
 44719 | Vaults:5 | Identified a +0 rapier of speed
 44719 | Vaults:5 | Identified a +0 leather armour
 44722 | Vaults:5 | Identified a +0 hand axe
 44722 | Vaults:5 | Identified a +0 leather armour
 44723 | Vaults:5 | Identified a +0 dire flail of holy wrath
 44723 | Vaults:5 | Identified a +0 dire flail
 44731 | Vaults:4 | Received a gift from Okawaru
 44912 | Vaults:5 | Identified a +0 giant club
 44912 | Vaults:5 | Identified a +0 giant spiked club
 44943 | Vaults:5 | Identified a +0 whip
 44943 | Vaults:5 | Identified a +0 robe
 45063 | Vaults:5 | Reached XP level 23. HP: 223/226 MP: 28/28
 45070 | Vaults:5 | Identified a +0 great mace
 45070 | Vaults:5 | Identified a +0 dire flail
 45074 | Vaults:5 | Identified a +0 arbalest
 45074 | Vaults:5 | Identified a +4 ring of strength
 45077 | Vaults:5 | Reached skill level 14 in Shields
 45204 | Vaults:5 | Identified the +8 great sword of Lyetz {flame, Dex+4}
 45204 | Vaults:5 | Identified a +0 arbalest
 45204 | Vaults:5 | Identified the +2 robe "Esodghima" {*Contam rC++ Str-5
                  | Int+9}
 45206 | Vaults:5 | Identified a +2 arbalest of freezing
 45211 | Vaults:5 | Identified a +0 war axe
 45211 | Vaults:5 | Identified a +0 chain mail
 45213 | Vaults:5 | Identified a +0 rapier
 45213 | Vaults:5 | Identified a +0 arbalest
 45215 | Vaults:5 | Identified a +0 flail
 45215 | Vaults:5 | Identified a cursed +0 chain mail
 45216 | Vaults:5 | Identified a +0 glaive
 45216 | Vaults:5 | Identified a +0 plate armour
 45219 | Vaults:5 | Identified a +0 hand axe
 45219 | Vaults:5 | Identified a +0 chain mail
 45220 | Vaults:5 | Identified a cursed -1 dagger
 45220 | Vaults:5 | Identified a +0 robe
 45228 | Vaults:5 | Identified a +2 great sword of flaming
 45271 | Vaults:5 | Identified the +5 broad axe "Beastbane" {drain, Stlth+}
 45271 | Vaults:5 | Identified a +0 leather armour
 45271 | Vaults:5 | Noticed a deep elf sorcerer
 45274 | Vaults:5 | Killed a deep elf sorcerer
 45282 | Vaults:5 | Identified a +0 giant club
 45282 | Vaults:5 | Identified a +0 giant club
 45289 | Vaults:5 | Identified a +2 flail of holy wrath
 45289 | Vaults:5 | Identified a +0 robe
 45291 | Vaults:5 | Identified a +0 giant spiked club
 45291 | Vaults:5 | Identified a +0 giant club
 45293 | Vaults:5 | Identified a +0 giant club
 45293 | Vaults:5 | Identified a +0 dire flail
 45294 | Vaults:5 | Identified a +0 giant club
 45294 | Vaults:5 | Identified a +0 giant club
 45302 | Vaults:5 | Received a gift from Okawaru
 45304 | Vaults:5 | Identified a +0 great sword of flaming
 45317 | Vaults:5 | meem: I am meem, an upgrade of beem built by MalcolmRose
                  | (check out Malcolm's DCSS vids and other projects at
                  | http://youtube.com/malcolmrosegaming). To have me follow
                  | you in your games, type !subscribemeem - to make me go away
                  | forever, type !quitmeem - For help, type: !meem
 45320 | Vaults:5 | Identified a +0 mace
 45320 | Vaults:5 | Identified a +0 scale mail
 45322 | Vaults:5 | Identified a +0 short sword
 45322 | Vaults:5 | Identified a +0 leather armour
 45322 | Vaults:5 | Noticed a deep elf sorcerer
 45326 | Vaults:5 | Identified a +0 battleaxe of freezing
 45326 | Vaults:5 | Identified a +3 leather armour of magic resistance
 45333 | Vaults:5 | Killed a deep elf sorcerer
 45342 | Vaults:5 | Identified a +0 giant spiked club
 45342 | Vaults:5 | Identified a +0 giant club
 45345 | Vaults:5 | Reached skill level 26 in Unarmed Combat
 45363 | Vaults:5 | Identified a +0 battleaxe
 45363 | Vaults:5 | Identified a +0 plate armour
 45367 | Vaults:5 | Identified a +0 falchion
 45367 | Vaults:5 | Identified a +2 robe of magic resistance
 45368 | Vaults:5 | Identified a +0 club
 45368 | Vaults:5 | Identified a +0 plate armour
 45409 | Vaults:5 | Identified a +0 battleaxe
 45409 | Vaults:5 | Identified a +0 chain mail
 45430 | Vaults:5 | Identified a +3 great sword of freezing
 45430 | Vaults:5 | Identified a +0 arbalest
 45430 | Vaults:5 | Identified a +0 ring mail
 45430 | Vaults:5 | Identified an uncursed ring of wizardry
 45453 | Vaults:5 | Identified a +0 flail
 45453 | Vaults:5 | Identified a +0 scale mail
 45481 | Vaults:5 | Identified a +0 dire flail
 45481 | Vaults:5 | Identified a +0 dire flail
 45616 | Vaults:5 | Identified a +0 battleaxe
 45616 | Vaults:5 | Identified a +0 chain mail
 45669 | Vaults:5 | Identified a +0 flail
 45690 | Vaults:5 | Identified a +0 dire flail
 45703 | Vaults:5 | Received a gift from Okawaru
 45775 | Vaults:5 | Identified a +0 great sword
 45775 | Vaults:5 | Identified a +0 scale mail
 45798 | Vaults:5 | Identified +0 shadow dragon scales
 45819 | Vaults:5 | Identified a +2 battleaxe of freezing
 45855 | Vaults:5 | Identified a +0 falchion
 45855 | Vaults:5 | Identified a +0 arbalest
 45855 | Vaults:5 | Identified a +0 ring mail
 45871 | Vaults:5 | Identified a +0 arbalest
 45875 | Vaults:5 | Identified a +0 arbalest
 45876 | Vaults:5 | Identified a +4 great mace of holy wrath
 45876 | Vaults:5 | Identified a +1 arbalest of flaming
 45876 | Vaults:5 | Identified a +0 plate armour
 45891 | Vaults:5 | Received a gift from Okawaru
 45915 | Vaults:5 | Got an ancient shield {god gift}
 45927 | Vaults:5 | Identified the +1 shield of Loss {rElec rF++} (Okawaru
                  | gifted it to you on level 5 of the Vaults)
 45978 | Vaults:5 | Identified a +0 war axe
 45978 | Vaults:5 | Identified a +0 arbalest
 46012 | Vaults:5 | Identified a +0 long sword
 46012 | Vaults:5 | Identified a +0 ring mail
 46012 | Vaults:5 | Noticed a deep elf sorcerer
 46013 | Vaults:5 | Identified a +0 great sword
 46013 | Vaults:5 | Identified a +0 scale mail
 46016 | Vaults:5 | Killed a deep elf sorcerer
 46017 | Vaults:5 | Identified a +1 trident of venom
 46017 | Vaults:5 | Identified a +1 robe of resistance
 46046 | Vaults:5 | Identified a +0 morningstar
 46046 | Vaults:5 | Identified a +0 scale mail
 46069 | Vaults:5 | Identified a +2 demon blade of electrocution
 46069 | Vaults:5 | Identified a +0 arbalest
 46069 | Vaults:5 | Identified a +0 dire flail
 46069 | Vaults:5 | Identified a +0 dire flail
 46237 | Vaults:5 | Identified a +0 great sword of flaming
 46286 | Vaults:5 | Identified a +0 flail
 46286 | Vaults:5 | Identified a +0 arbalest
 46341 | Vaults:5 | Identified a +1 spear of venom
 46341 | Vaults:5 | Identified a cursed +0 arbalest
 46341 | Vaults:5 | Identified a +0 scale mail
 46343 | Vaults:5 | Reached skill level 14 in Armour
 46421 | Vaults:5 | Identified a +0 falchion
 46421 | Vaults:5 | Identified a +0 scale mail
 46446 | Vaults:5 | Got a silver rune of Zot
 46459 | Vaults:5 | Identified the Almanac of Lucky Orientation
 46714 | Vaults:5 | Identified a +0 morningstar
 46714 | Vaults:5 | Identified a +0 leather armour
 46749 | Vaults:5 | Identified the +9 flail of Eternal Vigilance {speed, MR+}
 46749 | Vaults:5 | Identified a cursed +0 ring mail
 46749 | Vaults:5 | Identified the ring "Miziryr" {rElec rPois Str+5 Int+3
                  | Dex-5}
 47286 | Depths:1 | Entered Level 1 of the Depths
 47286 | Depths:1 | Identified a +2 great sword of holy wrath
 47286 | Depths:1 | Identified a +0 leather armour
 47409 | Depths:1 | Identified a cursed -3 shortbow
 47415 | Depths:1 | Paralysed by a floating eye for 4 turns
 47425 | Depths:1 | Identified +0 fire dragon scales
 47430 | Depths:1 | Identified a +0 dire flail
 47430 | Depths:1 | Identified a +1 antimagic dire flail
 47461 | Depths:1 | Identified a cursed -3 longbow
 47472 | Depths:1 | Identified a +0 shortbow
 47510 | Depths:1 | Identified a +1 battleaxe of freezing
 47745 | Depths:1 | Identified a +0 giant club
 47745 | Depths:1 | Identified a +0 giant club
 47745 | Depths:1 | Identified a cursed -3 giant club
 47747 | Depths:1 | Identified a cursed -2 flail
 47747 | Depths:1 | Identified a +0 robe
 47747 | Depths:1 | Identified a +0 war axe
 47747 | Depths:1 | Identified a +0 longbow
 47747 | Depths:1 | Identified a +0 leather armour
 47764 | Depths:1 | Identified a +0 giant spiked club
 47764 | Depths:1 | Identified a +0 giant club
 47772 | Depths:1 | Identified a +0 giant club
 47772 | Depths:1 | Identified a +0 arbalest
 47792 | Depths:1 | Identified a +0 buckler
 47817 | Depths:1 | Found a gateway to Hell.
 47875 | Depths:1 | Identified a +2 war axe of chopping
 47875 | Depths:1 | Identified a +0 ring mail
 47875 | Depths:1 | Identified a +0 buckler
 47901 | Depths:1 | Found Cupt's Antique Armour Shop.
 47903 | Depths:1 | Found Emahami's Gadget Boutique.
 47905 | Depths:1 | Found Qataim's Assorted Antiques.
 47970 | Depths:1 | Identified a +0 dire flail
 47970 | Depths:1 | Identified a +0 dire flail
 48299 | Depths:2 | Identified a +1 great sword of flaming
 48308 | Depths:2 | Identified a +0 troll leather armour
 48318 | Depths:2 | Received a gift from Okawaru
 48321 | Depths:2 | Reached skill level 13 in Fighting
 48330 | Depths:2 | Got a spiked hat {god gift}
 48342 | Depths:2 | Identified the +0 hat "Dakuit" {rF- MR++ Int+3 Dex+2}
                  | (Okawaru gifted it to you on level 2 of the Depths)
 48374 | Depths:2 | Identified a scarf of repulsion (You found it on level 5 of
                  | the Vaults)
 48426 | Depths:2 | Found Lihopux's General Store.
 48444 | Depths:2 | Identified a +0 giant spiked club
 48445 | Depths:2 | Identified a +0 giant club
 48445 | Depths:2 | Identified a +0 giant club
 48446 | Depths:2 | Identified a +3 spear
 48446 | Depths:2 | Identified a +0 robe
 48446 | Depths:2 | Identified a +0 giant club
 48446 | Depths:2 | Identified a +0 giant club
 48446 | Depths:2 | Identified a +0 dire flail
 48446 | Depths:2 | Identified a +0 giant club
 48486 | Depths:2 | Identified a +0 long sword
 48504 | Depths:2 | Identified a +0 arbalest
 48505 | Depths:2 | Identified a +0 arbalest
 48507 | Depths:2 | Identified a +0 arbalest
 48550 | Depths:2 | Identified a +0 shortbow
 48555 | Depths:2 | Identified a +0 shortbow
 48557 | Depths:2 | Identified a +0 shortbow of flaming
 48567 | Depths:2 | Identified a +0 shortbow
 48664 | Depths:2 | Identified a +0 troll leather armour
 48683 | Depths:2 | Identified a +0 troll leather armour
 48692 | Depths:2 | Reached XP level 24. HP: 213/236 MP: 28/28
 48871 | Depths:2 | Found Yhuheplyaru's Antique Weapon Emporium.
 48923 | Depths:2 | Identified a +1 short sword of draining
 48923 | Depths:2 | Identified a +0 robe
 48926 | Depths:2 | Noticed a lich
 48940 | Depths:2 | Killed a lich
 49001 | Depths:2 | Noticed a juggernaut
 49003 | Depths:2 | Identified a +2 long sword
 49003 | Depths:2 | Identified a +0 ring mail
 49003 | Depths:2 | Identified a +1 shield of cold resistance
 49018 | Depths:2 | Killed a juggernaut
 49018 | Depths:2 | Reached skill level 15 in Shields
 49063 | Depths:2 | Identified a +0 quarterstaff
 49063 | Depths:2 | Identified a +0 animal skin
 49063 | Depths:2 | Identified a +0 shortbow
 49063 | Depths:2 | Identified a +0 scimitar of holy wrath
 49072 | Depths:2 | Identified a +0 long sword
 49207 | Depths:2 | Identified a +0 great mace
 49207 | Depths:2 | Identified a +0 dire flail
 49207 | Depths:2 | Identified a +0 shortbow
 49208 | Depths:2 | Identified a +0 shortbow
 49219 | Depths:2 | Identified a +0 dagger
 49219 | Depths:2 | Identified a +0 robe
 49408 | Depths:3 | Identified a +0 great sword of flaming
 49408 | Depths:3 | Identified a +2 antimagic flail
 49408 | Depths:3 | Identified a +0 animal skin
 49480 | Depths:3 | Identified a +3 glaive of freezing
 49480 | Depths:3 | Identified a +0 scale mail of poison resistance
 49480 | Depths:3 | Identified a +3 great sword of electrocution
 49480 | Depths:3 | Identified a +2 ring mail of fire resistance
 49488 | Depths:3 | Identified a +3 great sword of electrocution
 49488 | Depths:3 | Identified a +2 scale mail of poison resistance
 49488 | Depths:3 | Identified a +1 ring of slaying
 49488 | Depths:3 | Noticed Sojobo
 49494 | Depths:3 | Reached skill level 27 in Unarmed Combat
 49500 | Depths:3 | Identified +0 ice dragon scales
 49504 | Depths:3 | Identified a +0 battleaxe
 49504 | Depths:3 | Identified a +0 chain mail
 49521 | Depths:3 | Killed Sojobo
 49521 | Depths:3 | Received a gift from Okawaru
 49525 | Depths:3 | Got a crystal war axe {god gift}
 49667 | Depths:3 | Identified a +0 battleaxe
 49667 | Depths:3 | Identified a +0 plate armour
 49699 | Depths:3 | Got an ichor-stained hand axe
 49725 | Depths:3 | Identified a +2 long sword of protection
 49725 | Depths:3 | Identified a +2 ring mail of fire resistance
 49725 | Depths:3 | Identified a +0 buckler
 49753 | Depths:3 | Identified a +0 robe
 49753 | Depths:3 | Identified a +0 war axe
 49753 | Depths:3 | Identified a +0 animal skin
 49798 | Depths:3 | Identified a +0 great sword
 49798 | Depths:3 | Identified a +0 chain mail
 49798 | Depths:3 | Identified a +2 battleaxe of flaming
 49798 | Depths:3 | Identified a +0 dire flail
 49798 | Depths:3 | Identified a +0 plate armour
 49798 | Depths:3 | Identified a +0 trident
 49798 | Depths:3 | Identified a +0 ring mail
 49798 | Depths:3 | Identified a +2 flail of protection
 49798 | Depths:3 | Identified a +0 leather armour
 49798 | Depths:3 | Identified a +1 trident of holy wrath
 49798 | Depths:3 | Identified a +0 leather armour
 49807 | Depths:3 | Identified a +0 war axe
 49807 | Depths:3 | Identified a +0 plate armour
 49843 | Depths:3 | Identified a +2 battleaxe of freezing
 49843 | Depths:3 | Identified a +0 trident of pain
 49844 | Depths:3 | Identified a +0 dire flail
 49844 | Depths:3 | Identified a +0 dire flail
 49851 | Depths:3 | Identified a +2 halberd
 49851 | Depths:3 | Identified a +0 chain mail
 49873 | Depths:3 | Reached skill level 15 in Armour
 49932 | Depths:3 | Got a shimmering wooden ring
 49956 | Depths:3 | Identified a +2 war axe of flaming
 49956 | Depths:3 | Identified a +0 chain mail
 49956 | Depths:3 | Identified a +0 rapier
 49956 | Depths:3 | Noticed a deep elf sorcerer
 49967 | Depths:3 | Killed a deep elf sorcerer
 50004 | Depths:3 | Identified a +0 dagger
 50004 | Depths:3 | Identified a +0 robe
 50031 | Depths:3 | Identified a +1 demon whip of venom
 50031 | Depths:3 | Identified a +0 robe
 50031 | Depths:3 | Identified a +0 buckler
 50041 | Depths:3 | Received a gift from Okawaru
 50055 | Depths:3 | Identified a +0 great sword
 50055 | Depths:3 | Identified a +0 plate armour
 50096 | Depths:3 | Identified a +0 battleaxe of freezing
 50108 | Depths:3 | Identified +0 ice dragon scales
 50135 | Depths:3 | Identified a +0 club
 50135 | Depths:3 | Identified a +0 robe
 50138 | Depths:3 | Found a one-way gate to the infinite horrors of the Abyss.
 50139 | Depths:3 | Reached skill level 14 in Fighting
 50183 | Depths:3 | Identified a +0 arbalest
 50183 | Depths:3 | Identified a +0 short sword
 50183 | Depths:3 | Identified a +0 leather armour
 50183 | Depths:3 | Identified a +0 glaive
 50183 | Depths:3 | Identified a +0 plate armour
 50183 | Depths:3 | Identified a +0 flail
 50183 | Depths:3 | Identified a +0 chain mail
 50183 | Depths:3 | Identified a +0 club
 50183 | Depths:3 | Identified a +1 long sword of holy wrath
 50183 | Depths:3 | Identified a +0 leather armour
 50189 | Depths:3 | Identified a +0 vampiric whip
 50189 | Depths:3 | Identified a +0 robe
 50192 | Depths:3 | Identified a +0 short sword
 50192 | Depths:3 | Identified a cursed +0 plate armour
 50200 | Depths:3 | Identified a +0 troll leather armour
 50219 | Depths:3 | Got a steaming copper ring
 50243 | Depths:3 | Found a hide-covered altar of Uskayaw.
 50245 | Depths:3 | Identified a +2 great sword of flaming
 50263 | Depths:3 | Identified the ring "Gacuf" {rElec rPois rN++ Int-2 Stlth-}
                  | (You found it on level 3 of the Depths)
 50264 | Depths:3 | Identified the ring "Bonkumi" {rF+ rC+ rN+ MP-9 Str+6} (You
                  | found it on level 3 of the Depths)
 50284 | Depths:3 | Identified a +0 long sword
 50284 | Depths:3 | Identified a +0 buckler
 50289 | Depths:3 | Received a gift from Okawaru
 50335 | Depths:3 | Found a one-way gate leading to the halls of Pandemonium.
 50373 | Depths:3 | Identified a +0 arbalest
 50373 | Depths:3 | Identified a +0 short sword
 50426 | Depths:3 | Found a gateway to a ziggurat.
 50430 | Depths:3 | Identified a +0 troll leather armour
 50472 | Depths:3 | Received a gift from Okawaru
 50530 | Depths:3 | Identified a +0 robe
 50530 | Depths:3 | Identified the ring "Lyskeh" {rPois rF+}
 50626 | Depths:3 | Noticed a lich
 50635 | Depths:3 | Noticed a Brimstone Fiend
 50637 | Depths:3 | Killed a lich
 50683 | Depths:3 | Identified a ring of protection from magic (You found it on
                  | level 3 of the Depths)
 50702 | Depths:4 | Found Rynwiuhe's Book Emporium.
 50702 | Depths:4 | Identified a +0 arbalest
 50812 | Depths:4 | Identified a +0 antimagic broad axe
 50812 | Depths:4 | Identified a +0 animal skin
 50812 | Depths:4 | Identified a +0 robe
 50821 | Depths:4 | Identified a +0 troll leather armour
 50829 | Depths:4 | Identified a +0 troll leather armour
 50835 | Depths:4 | Identified a +0 great sword
 50835 | Depths:4 | Identified a +0 ring mail
 50835 | Depths:4 | Identified a +0 spear
 50836 | Depths:4 | Identified a +0 spear
 50836 | Depths:4 | Identified a +2 great sword of flaming
 50933 | Depths:4 | Identified a +2 morningstar of venom
 50933 | Depths:4 | Identified a +0 chain mail
 50933 | Depths:4 | Identified a +0 large shield
 50933 | Depths:4 | Noticed Louise
 50935 | Depths:4 | Killed Louise
 50944 | Depths:4 | Identified +0 ice dragon scales
 50945 | Depths:4 | Identified a +0 robe
 50945 | Depths:4 | Identified a +0 robe
 50946 | Depths:4 | Identified a +0 flail
 50946 | Depths:4 | Identified a +0 animal skin
 50946 | Depths:4 | Identified a +0 robe
 51095 | Depths:4 | Identified a +0 great mace
 51095 | Depths:4 | Identified a +0 great mace
 51182 | Depths:4 | Identified a +0 dire flail
 51182 | Depths:4 | Identified a +0 dire flail
 51214 | Depths:4 | Identified a +0 dire flail
 51214 | Depths:4 | Identified a +0 dire flail
 51217 | Depths:4 | Identified +0 ice dragon scales
 51241 | Depths:4 | Reached XP level 25. HP: 234/250 MP: 19/28
 51322 | Depths:4 | Reached skill level 16 in Armour
 51338 | Depths:4 | Identified a +0 arbalest
 51378 | Depths:4 | Identified a +4 trident of piercing
 51378 | Depths:4 | Identified a +0 robe
 51379 | Depths:4 | Identified a cursed -2 club
 51379 | Depths:4 | Identified a +0 robe
 51379 | Depths:4 | Identified a +0 giant club
 51379 | Depths:4 | Identified a cursed +0 giant club
 51379 | Depths:4 | Identified a +0 giant club
 51379 | Depths:4 | Identified a +0 giant club
 51379 | Depths:4 | Identified a +0 giant spiked club
 51379 | Depths:4 | Identified a +0 giant club
 51379 | Depths:4 | Identified a +0 giant spiked club
 51381 | Depths:4 | Identified a +3 great sword
 51381 | Depths:4 | Identified a +0 leather armour
 51382 | Depths:4 | Identified a +0 great sword of flaming
 51468 | Depths:4 | Identified +0 shadow dragon scales
 51541 | Depths:4 | Identified a +0 arbalest
 51541 | Depths:4 | Identified a +2 battleaxe of freezing
 51552 | Depths:4 | Identified a +0 troll leather armour
 51565 | Depths:4 | Identified a +0 whip
 51565 | Depths:4 | Identified a +0 robe
 51573 | Depths:4 | Reached skill level 15 in Fighting
 51577 | Depths:4 | Identified a +0 troll leather armour
 51584 | Depths:4 | Received a gift from Okawaru
 51588 | Depths:4 | Identified a +0 troll leather armour
 51604 | Depths:4 | Identified a +0 arbalest
 51786 | Depths:4 | Identified a +0 dagger
 51786 | Depths:4 | Identified a +0 robe
 51933 | Depths:5 | Entered Level 5 of the Depths
 51947 | Depths:5 | Identified a +2 long sword
 51947 | Depths:5 | Identified a +0 leather armour
 51947 | Depths:5 | Identified a +2 buckler of cold resistance
 51949 | Depths:5 | Identified a +0 war axe
 51949 | Depths:5 | Identified a +0 leather armour
 51949 | Depths:5 | Identified a +0 shield
 51975 | Depths:5 | Identified a +0 arbalest
 51976 | Depths:5 | Identified a +0 arbalest
 51985 | Depths:5 | Identified a +0 arbalest
 51988 | Depths:5 | Identified a cursed +0 robe
 52003 | Depths:5 | Identified a +0 antimagic war axe
 52003 | Depths:5 | Identified a +0 animal skin
 52006 | Depths:5 | Identified a +0 spear
 52006 | Depths:5 | Identified a +0 robe
 52007 | Depths:5 | Identified a +0 spear
 52026 | Depths:5 | Identified a +0 arbalest
 52026 | Depths:5 | Identified a +0 dire flail
 52026 | Depths:5 | Identified a +0 dire flail
 52037 | Depths:5 | Received a gift from Okawaru
 52138 | Depths:5 | Found Xapes's Magic Scroll Shoppe.
 52157 | Depths:5 | Identified a +0 dagger of speed
 52157 | Depths:5 | Identified a +0 robe
 52164 | Depths:5 | Identified a +3 battleaxe
 52164 | Depths:5 | Identified a +0 chain mail
 52165 | Depths:5 | Identified a +0 long sword of flaming
 52165 | Depths:5 | Identified a +0 plate armour
 52167 | Depths:5 | Identified a +2 great mace of flaming
 52167 | Depths:5 | Identified a cursed +0 chain mail
 52167 | Depths:5 | Identified a +0 robe
 52170 | Depths:5 | Identified a +2 demon trident
 52170 | Depths:5 | Identified a +0 plate armour
 52171 | Depths:5 | Identified a +0 troll leather armour
 52173 | Depths:5 | Identified a +0 flail
 52173 | Depths:5 | Identified a +0 long sword
 52173 | Depths:5 | Identified a +2 morningstar of protection
 52184 | Depths:5 | Received a gift from Okawaru
 52228 | Depths:5 | Got a blackened cloak {god gift}
 52233 | Depths:5 | Identified a +0 halberd
 52329 | Depths:5 | Identified a +0 flail
 52361 | Depths:5 | Identified the +0 cloak of Buastraid {rPois MR++ MP-9
                  | Int+3} (Okawaru gifted it to you on level 5 of the Depths)
 52392 | Depths:5 | Identified a +0 buckler
 52394 | Depths:5 | Identified a +0 robe
 52394 | Depths:5 | Identified an uncursed ring of see invisible
 52551 | Depths:5 | Identified a +0 glaive
 52554 | Depths:5 | Identified a +0 mace
 52659 | Depths:5 | Identified a +0 scimitar
 52659 | Depths:5 | Identified a +0 halberd
 52661 | Depths:5 | Identified a +0 cloak
 52804 | Depths:5 | Identified a +0 flail
 52825 | Depths:5 | Identified a +2 glaive of venom
 52877 | Depths:5 | Identified a +0 cloak
 52879 | Depths:5 | Identified a +0 great sword
 52879 | Depths:5 | Identified a +0 cloak
 52880 | Depths:5 | Identified a +0 long sword
 52881 | Depths:5 | Identified a +0 glaive
 52897 | Depths:5 | Identified a +0 short sword
 52897 | Depths:5 | Identified a +0 cloak
 52907 | Depths:5 | Identified a +0 dagger
 52907 | Depths:5 | Identified a +0 cloak
 52908 | Depths:5 | Identified a +0 long sword
 52911 | Depths:5 | Identified a +0 short sword
 53084 | Depths:5 | Identified a +0 dagger
 53084 | Depths:5 | Identified a +0 cloak
 53090 | Depths:5 | Reached skill level 17 in Armour
 53134 | Depths:5 | Found a gate to the Realm of Zot.
 53152 | Depths:5 | Identified an amulet of harm (You found it on level 5 of
                  | the Depths)
 53223 | Depths:5 | Identified a +0 glaive
 53225 | Depths:5 | Identified a +0 long sword
 53225 | Depths:5 | Identified a +0 cloak
 53226 | Depths:5 | Reached skill level 16 in Fighting
 53228 | Depths:5 | Identified an uncursed ring of positive energy
 53243 | Depths:5 | Identified a +0 short sword
 53243 | Depths:5 | Identified a +1 cloak
 53270 | Depths:5 | Identified a +1 trident of venom
 53291 | Depths:5 | Identified a +0 war axe
 53291 | Depths:5 | Identified a +0 leather armour
 53291 | Depths:5 | Identified a +0 buckler
 53816 | Zot:1    | Entered Level 1 of the Realm of Zot
 54012 | Zot:1    | Noticed an orb of fire
 54012 | Zot:1    | Gained mutation: Your spells are a little easier to cast,
                  | but a little less powerful. [an orb of fire]
 54015 | Zot:1    | Gained mutation: You occasionally shout uncontrollably at
                  | your foes. [an orb of fire]
 54030 | Zot:1    | Gained mutation: You are frail. (-10% HP) [an orb of fire]
 54031 | Zot:1    | Killed an orb of fire
 54125 | Zot:1    | Identified a +0 battleaxe of electrocution
 54366 | Zot:1    | Identified a +0 dire flail
 54393 | Zot:1    | Identified a +0 whip
 54393 | Zot:1    | Identified a +0 cloak
 54393 | Zot:1    | Identified a +0 halberd
 54394 | Zot:1    | Identified a +0 cloak
 54394 | Zot:1    | Identified a +0 mace
 54395 | Zot:1    | Identified a +0 hand axe
 54395 | Zot:1    | Identified a +0 cloak
 54410 | Zot:1    | Identified a +0 glaive of freezing
 54410 | Zot:1    | Identified the +4 dragonskin cloak
 54410 | Zot:1    | Noticed Tiamat
 54412 | Zot:1    | Identified a +0 halberd
 54415 | Zot:1    | Received a gift from Okawaru
 54421 | Zot:1    | Identified a +0 mace
 54423 | Zot:1    | Identified a +0 whip
 54423 | Zot:1    | Identified a +0 cloak
 54430 | Zot:1    | Identified a +0 trident
 54434 | Zot:1    | Identified a +0 cloak
 54440 | Zot:1    | Identified a +0 hand axe of venom
 54441 | Zot:1    | HP: 56/231 [purple draconian/bolt of dispelling
                  | energy[Tiamat] (16)]
 54449 | Zot:1    | HP: 37/231 [acid[Tiamat] (4)]
 54807 | Zot:1    | Killed Tiamat
 54807 | Zot:1    | Received a gift from Okawaru
 55180 | Zot:1    | Identified a scroll of holy word
 55183 | Zot:2    | Identified a +0 hand axe
 55194 | Zot:2    | Identified a +0 scimitar
 55203 | Zot:2    | Identified a +0 halberd
 55208 | Zot:2    | Received a gift from Okawaru
 55208 | Zot:2    | Identified quicksilver dragon scales
 55233 | Zot:2    | Identified quicksilver dragon scales
 55298 | Zot:2    | Identified a +0 war axe
 55300 | Zot:2    | Identified a +1 short sword of venom
 55301 | Zot:2    | Identified a +0 cloak
 55301 | Zot:2    | Identified a +0 halberd
 55304 | Zot:2    | Identified a +0 long sword
 55305 | Zot:2    | Identified a +0 hand axe
 55336 | Zot:1    | HP: 58/232 [purple draconian monk (22)]
 55337 | Zot:1    | HP: 24/232 [purple draconian monk (34)]
 55341 | Zot:1    | Reached XP level 26. HP: 48/242 MP: 19/28
 55454 | Zot:1    | Identified a +0 flail
 55458 | Zot:1    | Identified a +0 scimitar
 55459 | Zot:1    | Identified a +0 war axe
 55459 | Zot:1    | Identified a cursed -2 great sword
 55459 | Zot:1    | Identified a +0 cloak
 55463 | Zot:1    | Identified a +0 glaive of chopping
 55793 | Zot:2    | Got a dazzling mace
 55799 | Zot:2    | Reached skill level 17 in Fighting
 55833 | Zot:2    | Identified a +1 battleaxe of flaming
 55833 | Zot:2    | Identified a +2 cloak of invisibility
 55833 | Zot:2    | Identified a +0 battleaxe
 55833 | Zot:2    | Identified a +0 whip of venom
 55833 | Zot:2    | Identified a +1 cloak
 55847 | Zot:2    | Identified a +0 whip
 55847 | Zot:2    | Identified a cursed +0 cloak
 55848 | Zot:2    | Identified a +0 long sword
 55848 | Zot:2    | Identified a +0 cloak
 55848 | Zot:2    | Identified a +2 antimagic hand axe
 55848 | Zot:2    | Identified a cursed +0 scimitar
 55848 | Zot:2    | Identified a +0 mace
 55855 | Zot:2    | Identified a +0 halberd
 55859 | Zot:2    | Identified a +0 bardiche
 55859 | Zot:2    | Identified a +0 cloak
 55861 | Zot:2    | Reached skill level 18 in Armour
 55862 | Zot:2    | Identified a +0 mace
 55864 | Zot:2    | Identified a +0 hand axe of venom
 55875 | Zot:2    | Received a gift from Okawaru
 56093 | Zot:2    | Got a warped robe {god gift}
 56212 | Zot:2    | Identified +0 storm dragon scales
 56252 | Zot:2    | Identified a +0 dagger
 56252 | Zot:2    | Identified a +0 cloak
 56258 | Zot:2    | Identified a +0 glaive
 56258 | Zot:2    | Identified a +0 battleaxe
 56259 | Zot:2    | Identified a +2 war axe of chopping
 56259 | Zot:2    | Identified a +0 dagger
 56259 | Zot:2    | Identified a +0 cloak
 56260 | Zot:2    | Identified a +0 short sword
 56260 | Zot:2    | Identified a +0 cloak
 56547 | Zot:2    | Identified the +0 robe of Dramatic Exits {rPois Str+6}
                  | (Okawaru gifted it to you on level 2 of the Realm of Zot)
 56563 | Zot:3    | Identified a +0 great sword
 56563 | Zot:3    | Identified a +0 cloak
 56563 | Zot:3    | Identified a +0 battleaxe
 56564 | Zot:3    | Identified a +0 rapier
 56564 | Zot:3    | Identified a +1 cloak
 56566 | Zot:3    | Identified a +0 halberd
 56566 | Zot:3    | Identified a +0 flail
 56588 | Zot:3    | Identified +0 gold dragon scales
 56751 | Depths:5 | Bought a scroll of enchant armour for 157 gold pieces
 56986 | D:11     | Bought a scroll of enchant armour for 105 gold pieces
 57393 | Zot:3    | Identified a +1 antimagic glaive
 57393 | Zot:3    | Identified a +0 trident
 57393 | Zot:3    | Identified a +2 mace of protection
 57393 | Zot:3    | Identified a +0 dire flail
 57393 | Zot:3    | Identified a +0 mace
 57503 | Zot:3    | Identified a +0 war axe
 57503 | Zot:3    | Identified a +0 whip
 57503 | Zot:3    | Identified a +0 cloak
 57505 | Zot:3    | Identified a +0 war axe
 57506 | Zot:3    | Identified a +0 glaive
 57508 | Zot:3    | Identified a +0 dagger
 57508 | Zot:3    | Identified a +0 cloak
 57509 | Zot:3    | Identified a +0 long sword
 57509 | Zot:3    | Identified a +0 cloak
 57510 | Zot:3    | Identified a +0 flail
 57828 | Zot:3    | Noticed an orb of fire
 57830 | Zot:3    | Gained mutation: Scrolls take you a little longer to read.
                  | [an orb of fire]
 57836 | Zot:3    | Killed an orb of fire
 57967 | Zot:3    | Identified a +0 whip
 57967 | Zot:3    | Identified a +0 cloak
 57967 | Zot:3    | Identified a +1 rapier of venom
 57967 | Zot:3    | Identified a +0 cloak
 57967 | Zot:3    | Identified a +0 long sword
 57967 | Zot:3    | Identified a +0 cloak
 57972 | Zot:3    | Identified a +0 mace
 57972 | Zot:3    | Identified a +0 great sword
 57972 | Zot:3    | Identified a +0 cloak
 57972 | Zot:3    | Identified a +0 mace
 57988 | Zot:3    | Identified a +0 short sword
 57991 | Zot:3    | Received a gift from Okawaru
 58015 | Zot:3    | Received a gift from Okawaru
 58156 | Zot:3    | Reached skill level 18 in Fighting
 58231 | Zot:3    | Identified a +0 mace
 58231 | Zot:3    | Identified a +0 halberd
 58231 | Zot:3    | Identified a +0 halberd
 58231 | Zot:3    | Identified a +0 long sword
 58231 | Zot:3    | Identified a +1 cloak
 58233 | Zot:3    | Identified a +0 dire flail
 58233 | Zot:3    | Identified a +0 dire flail of protection
 58238 | Zot:3    | Identified a +0 flail
 58555 | Zot:4    | Reached skill level 19 in Armour
 58732 | Zot:4    | Identified a +0 scimitar
 58734 | Zot:4    | Identified a +0 long sword
 58734 | Zot:4    | Identified a +0 cloak
 58744 | Zot:4    | Identified a +0 dagger
 58744 | Zot:4    | Identified a +0 cloak
 58744 | Zot:4    | Identified a +0 long sword
 58744 | Zot:4    | Identified a +0 cloak
 58747 | Zot:4    | Identified a +0 war axe
 58755 | Zot:4    | Identified a +0 battleaxe
 58760 | Zot:4    | Identified a +0 halberd
 58777 | Zot:4    | Identified a +1 whip of distortion
 58777 | Zot:4    | Identified a +0 cloak
 58789 | Zot:4    | Identified a +0 long sword
 58790 | Zot:4    | Identified a cursed +0 short sword
 58794 | Zot:4    | Identified a +0 trident
 58799 | Zot:4    | Identified a +0 flail
 59047 | Zot:4    | Paralysed by a hornet for 1 turns
 59311 | Zot:4    | Identified a +0 mace
 59313 | Zot:4    | Identified a +0 hand axe
 59314 | Zot:4    | Identified a +0 mace
 59314 | Zot:4    | Identified a +0 dire flail
 59585 | Zot:4    | Identified a +0 short sword
 59588 | Zot:4    | Reached XP level 27. HP: 255/255 MP: 19/28
 59590 | Zot:4    | Identified a +0 short sword of electrocution
 59590 | Zot:4    | Identified a +2 great sword of slicing
 59590 | Zot:4    | Identified a cursed +0 cloak
 59890 | Zot:5    | Entered Level 5 of the Realm of Zot
 59909 | Zot:5    | Identified a +0 scimitar
 59920 | Zot:5    | Found a large runed translucent door.
 59921 | Zot:5    | Found a large runed translucent door.
 59925 | Zot:5    | Noticed melvinkitnick's ghost (legendary GrEE)
 60127 | Zot:5    | Identified a +7 mace
 60127 | Zot:5    | Identified a +2 short sword of venom
 60127 | Zot:5    | Identified a +0 cloak
 60128 | Zot:5    | Identified a +0 war axe
 60129 | Zot:5    | Identified a +0 war axe
 60129 | Zot:5    | Identified a +0 short sword
 60129 | Zot:5    | Identified a +2 cloak of invisibility
 60146 | Zot:5    | Received a gift from Okawaru
 60482 | Zot:5    | Noticed an orb of fire
 60509 | Zot:5    | Killed an orb of fire
 60530 | Zot:5    | Noticed an orb of fire
 60531 | Zot:5    | Noticed an orb of fire
 60538 | Zot:5    | Killed an orb of fire
 60538 | Zot:5    | Reached skill level 19 in Fighting
 60545 | Zot:5    | Killed an orb of fire
 60550 | Zot:5    | Noticed an ancient lich
 60555 | Zot:5    | Received a gift from Okawaru
 60563 | Zot:5    | Killed an ancient lich
 60563 | Zot:5    | Received a gift from Okawaru
 60563 | Zot:5    | Reached skill level 20 in Armour
 60593 | Zot:5    | Identified a +10 club of flaming
 60596 | Zot:5    | Noticed an ancient lich
 60608 | Zot:5    | Noticed an ancient lich
 60614 | Zot:5    | Received a gift from Okawaru
 60619 | Zot:5    | Paralysed by an ancient lich for 4 turns
 60624 | Zot:5    | Killed an ancient lich
 60624 | Zot:5    | Received a gift from Okawaru
 60629 | Zot:5    | Killed an ancient lich
 60652 | Zot:5    | Identified a +8 club of distortion
 60652 | Zot:5    | Noticed an ancient lich
 60652 | Zot:5    | Noticed an ancient lich
 60660 | Zot:5    | Noticed an ancient lich
 60670 | Zot:5    | Killed an ancient lich
 60684 | Zot:5    | Killed an ancient lich
 60687 | Zot:5    | Killed an ancient lich
 61012 | Zot:5    | Reached skill level 20 in Fighting
 61090 | Zot:5    | Received a gift from Okawaru
 61284 | Zot:5    | Identified a +9 club of holy wrath
 61826 | Slime:1  | Entered Level 1 of the Pits of Slime
 62057 | Slime:3  | Reached skill level 21 in Armour
 62112 | Slime:3  | Received a gift from Okawaru
 62115 | Slime:3  | Got a brightly glowing hat {god gift}
 62126 | Slime:3  | Identified the -4 hat of the Snake Pit {MR++ Str+4}
                  | (Okawaru gifted it to you on level 3 of the Pits of Slime)
 62217 | Slime:5  | Entered Level 5 of the Pits of Slime
 62351 | Slime:5  | Noticed the Royal Jelly
 62361 | Slime:5  | Killed the Royal Jelly
 62388 | Slime:5  | HP: 64/263 [acid[the Royal Jelly] (2)]
 62389 | Slime:5  | HP: 28/263 [death ooze[the Royal Jelly] (19)]
 62631 | Slime:5  | Got a pitted lead ring
 62667 | Slime:5  | Got a brightly glowing marble ring
 62670 | Slime:5  | Identified Ficiustra's Reference Book on Darkness
 62737 | Slime:5  | Identified the Disquisition on Harmful Toxins
 62786 | Slime:5  | Got a slimy rune of Zot
 62795 | Slime:5  | Identified the ring "Peakkun" {-Tele MP+9 Dex+3 Slay+2
                  | Stlth+} (You found it on level 5 of the Pits of Slime)
 62797 | Slime:5  | Identified the ring of Biesin {Int+2 Stlth-} (You found it
                  | on level 5 of the Pits of Slime)
 63267 | Depths:3 | Voluntarily entered the Abyss.
 63269 | Abyss:1  | Found a corrupted altar of Lugonu.
 63463 | Abyss:2  | Identified a +1 demon whip
 63464 | Abyss:2  | Gained mutation: Scrolls take you longer to read. [a
                  | neqoxec]
 63474 | Abyss:2  | Gained mutation: You are clumsy. (Dex -2) [a neqoxec]
 63486 | Abyss:2  | Identified a +0 scythe of venom
 63750 | Abyss:2  | Got a dull robe
 63957 | Abyss:2  | Paralysed by accursed screaming for 1 turns
 64156 | Abyss:2  | Identified a +0 rapier
 64162 | Abyss:2  | Identified a +0 rapier
 64162 | Abyss:2  | Identified a +0 chain mail
 64162 | Abyss:2  | Noticed a deep elf demonologist
 64165 | Abyss:2  | Killed a deep elf demonologist
 64173 | Abyss:2  | Identified a +1 scimitar
 64173 | Abyss:2  | Identified a +0 chain mail
 64206 | Abyss:2  | Identified a +0 short sword
 64206 | Abyss:2  | Identified a +0 cloak
 64211 | Abyss:2  | Reached skill level 21 in Fighting
 64323 | Abyss:2  | Got a transparent iron amulet
 64409 | Abyss:2  | Identified a +1 whip
 64425 | Abyss:2  | Noticed a lich
 64435 | Abyss:2  | Killed a lich
 64615 | Abyss:3  | Found a corrupted altar of Lugonu.
 64767 | Abyss:3  | Identified a +0 dire flail
 64767 | Abyss:3  | Identified a +0 leather armour
 64841 | Abyss:3  | Received a gift from Okawaru
 64918 | Abyss:3  | Identified a +0 long sword
 64919 | Abyss:3  | Identified a +0 short sword
 64919 | Abyss:3  | Identified a +0 shortbow
 64919 | Abyss:3  | Identified a +0 leather armour
 64922 | Abyss:3  | Identified a +0 short sword
 64998 | Abyss:3  | Identified a +0 dagger
 64998 | Abyss:3  | Identified a +0 robe
 64998 | Abyss:3  | Identified a +2 demon blade of draining
 64998 | Abyss:3  | Identified a +0 chain mail
 65001 | Abyss:3  | Identified a +0 great mace of flaming
 65001 | Abyss:3  | Identified a +0 plate armour
 65001 | Abyss:3  | Identified a +5 battleaxe
 65001 | Abyss:3  | Identified a +0 chain mail of cold resistance
 65023 | Abyss:3  | Received a gift from Okawaru
 65031 | Abyss:3  | Identified a +2 battleaxe of chopping
 65031 | Abyss:3  | Identified a cursed -2 plate armour
 65040 | Abyss:3  | Identified a +3 demon trident
 65040 | Abyss:3  | Identified a +2 plate armour of cold resistance
 65041 | Abyss:3  | Identified a +0 dagger
 65041 | Abyss:3  | Identified a +0 robe
 65043 | Abyss:3  | Identified a +0 dagger
 65043 | Abyss:3  | Identified a +0 robe
 65087 | Abyss:3  | Identified the amulet of Nasho {Gourm rElec rC- Dex-5 SInv}
                  | (You found it on level 2 of the Abyss)
 65089 | Abyss:3  | Identified the +2 robe of the City {rN+ MR- Regen+} (You
                  | found it on level 2 of the Abyss)
 65093 | Abyss:3  | Identified a scroll of torment
 65114 | Abyss:4  | Found a corrupted altar of Lugonu.
 65116 | Abyss:4  | Identified a +0 war axe
 65187 | Abyss:4  | Identified a +2 scimitar of flaming
 65195 | Abyss:4  | Reached skill level 22 in Armour
 65203 | Abyss:4  | Identified a +0 robe
 65296 | Abyss:4  | Identified a +2 scimitar of holy wrath
 65296 | Abyss:4  | Identified a +0 large shield
 65306 | Abyss:4  | Paralysed by accursed screaming for 1 turns
 65312 | Abyss:4  | Paralysed by accursed screaming for 2 turns
 65325 | Abyss:4  | Paralysed by accursed screaming for 1 turns
 65390 | Abyss:4  | Noticed a lich
 65407 | Abyss:4  | Killed a lich
 65441 | Abyss:4  | Received a gift from Okawaru
 65482 | Abyss:4  | Gained mutation: Armour fits poorly on your strangely
                  | shaped body. [a neqoxec]
 65491 | Abyss:4  | Identified a +0 trident
 65491 | Abyss:4  | Identified a +0 robe
 65525 | Abyss:4  | Found a corrupted altar of Lugonu.
 65558 | Abyss:4  | Found a corrupted altar of Lugonu.
 65783 | Abyss:4  | Noticed a lich
 65790 | Abyss:4  | Killed a lich
 65848 | Abyss:4  | Identified a +0 spear
 65849 | Abyss:4  | Received a gift from Okawaru
 66181 | Abyss:4  | Received a gift from Okawaru
 66330 | Abyss:4  | Noticed a lich
 66332 | Abyss:4  | Identified a +0 arbalest
 66332 | Abyss:4  | Identified a +0 long sword
 66332 | Abyss:4  | Identified a cursed -2 arbalest
 66332 | Abyss:4  | Identified a +0 scale mail
 66349 | Abyss:4  | Killed a lich
 66388 | Abyss:4  | Identified a +3 whip of holy wrath
 66388 | Abyss:4  | Identified a +0 robe
 66417 | Abyss:4  | Identified a +0 dagger
 66417 | Abyss:4  | Identified a +2 robe of magic resistance
 66422 | Abyss:4  | Reached skill level 22 in Fighting
 66488 | Abyss:5  | Entered Level 5 of the Abyss
 66488 | Abyss:5  | Entered Level 5 of the Abyss
 66617 | Abyss:5  | Identified a +1 demon whip
 66651 | Abyss:5  | Received a gift from Okawaru
 66712 | Depths:3 | Escaped the Abyss
 66896 | Depths:3 | Identified an amulet of inaccuracy (You found it on level 4
                  | of the Abyss)
 66902 | Depths:3 | Voluntarily entered the Abyss.
 66902 | Abyss:1  | Noticed an entropy weaver
 66908 | Abyss:1  | Killed an entropy weaver
 66933 | Abyss:1  | Received a gift from Okawaru
 66935 | Abyss:1  | Identified a +0 dagger
 66935 | Abyss:1  | Identified a +0 leather armour
 66936 | Abyss:1  | Got a bloodstained cloak {god gift}
 66939 | Abyss:1  | Identified a +0 whip
 66939 | Abyss:1  | Identified a +0 robe
 66947 | Abyss:1  | Lost intelligence.
 66985 | Abyss:1  | Identified a +0 halberd
 66987 | Abyss:1  | Identified the +0 cloak "Rokeruor" {rC- rN+ Regen+ Stlth+}
                  | (Okawaru gifted it to you on level 1 of the Abyss)
 67072 | Abyss:1  | Paralysed by accursed screaming for 1 turns
 67092 | Abyss:1  | Paralysed by accursed screaming for 1 turns
 67153 | Depths:3 | Escaped the Abyss
 67556 | Crypt:1  | Entered Level 1 of the Crypt
 67582 | Crypt:1  | Identified a +0 long sword
 67582 | Crypt:1  | Identified a +0 plate armour
 67673 | Crypt:1  | Identified a +0 robe
 67725 | Crypt:1  | Identified a +0 mace
 67727 | Crypt:1  | Identified a +0 war axe
 67729 | Crypt:1  | Identified a +0 scimitar
 67729 | Crypt:1  | Identified a +0 dire flail
 67997 | Crypt:1  | Reached skill level 23 in Armour
 68028 | Crypt:1  | Identified a +2 great mace
 68028 | Crypt:1  | Identified a +0 plate armour
 68089 | Crypt:1  | Identified a +0 dagger
 68089 | Crypt:1  | Identified a +0 robe
 68378 | Crypt:2  | Identified a +0 hand axe
 68378 | Crypt:2  | Identified a cursed -2 short sword
 68379 | Crypt:2  | Identified a +2 great mace of draining
 68379 | Crypt:2  | Identified a +0 plate armour of poison resistance
 68584 | Crypt:2  | Identified a +0 glaive
 68584 | Crypt:2  | Identified a +0 war axe
 68586 | Crypt:2  | Identified a +0 dire flail
 68587 | Crypt:2  | Identified a +0 scimitar
 68587 | Crypt:2  | Identified a +0 trident
 68697 | Crypt:2  | Got an ivory spear
 68698 | Crypt:2  | Noticed a curse skull
 68703 | Crypt:2  | Identified a cursed +0 great sword
 68703 | Crypt:2  | Identified a +0 robe
 68703 | Crypt:2  | Identified a +8 war axe
 68703 | Crypt:2  | Identified a +0 robe
 68708 | Crypt:2  | Killed a curse skull
 68789 | Crypt:2  | Identified a +0 great sword
 68789 | Crypt:2  | Identified a +0 chain mail
 69046 | Crypt:2  | Identified a +0 great sword
 69046 | Crypt:2  | Identified a +0 chain mail
 69054 | Crypt:2  | Found an ancient bone altar of Kikubaaqudgha.
 69059 | Crypt:2  | Lost intelligence.
 69194 | Crypt:2  | Lost intelligence.
 69303 | Crypt:2  | Found a basalt altar of Yredelemnul.
 69377 | Crypt:3  | Entered Level 3 of the Crypt
 69532 | Crypt:3  | Received a gift from Okawaru
 69597 | Crypt:3  | Identified a +0 dagger
 69597 | Crypt:3  | Identified a +2 robe of magic resistance
 69599 | Crypt:3  | Identified a +0 dagger
 69599 | Crypt:3  | Identified a +0 robe
 69614 | Crypt:3  | Identified a +0 dagger
 69614 | Crypt:3  | Identified a +0 robe
 69614 | Crypt:3  | Identified a +0 dagger
 69614 | Crypt:3  | Identified a +0 robe
 69615 | Crypt:3  | Identified a +0 dagger
 69615 | Crypt:3  | Identified a +0 robe
 69619 | Crypt:3  | Identified a +0 short sword
 69619 | Crypt:3  | Identified a +0 rapier
 69624 | Crypt:3  | Identified a +0 dagger of venom
 69624 | Crypt:3  | Identified a +0 robe
 69625 | Crypt:3  | Identified a +0 dagger
 69625 | Crypt:3  | Identified a +0 robe
 69625 | Crypt:3  | Identified a +0 dagger
 69625 | Crypt:3  | Identified a +0 robe
 69628 | Crypt:3  | Identified a +0 antimagic scythe
 69628 | Crypt:3  | Identified a +2 scythe of flaming
 69798 | Crypt:3  | Received a gift from Okawaru
 69828 | Crypt:3  | Identified a +0 dagger of speed
 69828 | Crypt:3  | Identified a +2 robe of magic resistance
 69857 | Crypt:3  | Identified an amulet of faith (You found it on level 2 of
                  | the Crypt)
 69859 | Crypt:3  | Identified a ring of attention (You found it on level 1 of
                  | the Crypt)
 69873 | Crypt:3  | Noticed a lich
 69875 | Crypt:3  | Noticed an ancient lich
 69882 | Crypt:3  | Killed a lich
 69883 | Crypt:3  | Killed an ancient lich
 69920 | Crypt:3  | Identified a +0 dagger
 69920 | Crypt:3  | Identified a +0 robe
 69931 | Crypt:3  | Identified a +4 scythe of freezing
 69947 | Crypt:3  | Identified a +0 dagger
 69947 | Crypt:3  | Identified a +0 robe
 70025 | Crypt:3  | Identified a +3 scythe of slicing
 70075 | Crypt:3  | Identified a +1 scythe of venom
 70076 | Crypt:3  | Identified a +2 scythe of venom
 70128 | Crypt:3  | Found an ancient bone altar of Kikubaaqudgha.
 70175 | Crypt:3  | Reached skill level 23 in Fighting
 70227 | Crypt:3  | Noticed a lich
 70233 | Crypt:3  | Killed a lich
 70583 | Crypt:3  | Found a staircase to the Tomb.
 70590 | Crypt:3  | Received a gift from Okawaru
 70639 | Crypt:3  | Identified the Papyrus of Dark Secrets
 70657 | Tomb:1   | Entered Level 1 of the Tomb of the Ancients
 70900 | Tomb:1   | Identified a +0 great mace of draining
 70900 | Tomb:1   | Identified a +0 chain mail
 70930 | Tomb:1   | Identified a +0 great mace of flaming
 70930 | Tomb:1   | Identified a +0 plate armour
 71173 | Tomb:1   | Noticed a greater mummy
 71175 | Tomb:1   | Noticed a lich
 71205 | Tomb:1   | Identified a +0 halberd of freezing
 71205 | Tomb:1   | Noticed a Tzitzimitl
 71206 | Tomb:1   | Noticed an Ice Fiend
 71206 | Tomb:1   | HP: 64/270 [??? (32)]
 71208 | Tomb:1   | HP: 28/270 [emperor scorpion[a greater mummy] (9)]
 71208 | Tomb:1   | HP: 11/270 [mummy priest/divine providence (10)]
 71209 | Tomb:1   | Killed from afar by a lich

Table legend:
 A = Turns spent in this place as a percentage of turns spent in the entire game.
 B = Non-inter-level travel turns spent in this place as a percentage of non-inter-level travel turns spent in the entire game.
 C = Inter-level travel turns spent in this place as a percentage of turns spent in this place.
 D = Turns resting spent in this place as a percentage of non-inter-level travel turns spent in this place.
 E = Turns spent auto-exploring this place as a percentage of non-inter-level travel turns spent in this place.
 F = Non-inter-level travel turns spent in this place divided by the number of levels of this place that you've seen.
                   A       B       C       D       E      F
               +-------+-------+-------+-------+-------+----------------------
         Total | 100.0 | 100.0 |   7.2 |  17.2 |  48.3 | 1032.9
       Dungeon |  25.0 |  23.3 |  13.5 |  16.2 |  55.7 | 1026.2
        Temple |   0.3 |   0.3 |  11.7 |   0.0 |  98.3 | 181.0
          Lair |   9.0 |   8.7 |  10.3 |   5.9 |  73.2 | 954.5
        Shoals |   7.2 |   7.5 |   4.2 |  21.7 |  41.0 | 1233.8
   Spider Nest |   7.5 |   7.8 |   4.3 |  24.5 |  45.8 | 1281.0
    Slime Pits |   1.5 |   1.7 |   0.0 |  22.6 |   0.0 | 219.6
  Orcish Mines |   3.3 |   3.3 |   6.3 |   8.0 |  63.3 | 1092.5
   Elven Halls |   0.0 |   0.0 |   0.0 |   0.0 |   0.0 |   2.0
        Vaults |  14.9 |  15.5 |   3.8 |  22.8 |  48.5 | 2046.8
         Crypt |   4.4 |   4.6 |   2.4 |   4.8 |  49.0 | 1009.0
          Tomb |   0.8 |   0.8 |   0.0 |  10.0 |  55.6 | 552.0
        Depths |  10.4 |  10.2 |   9.4 |  20.4 |  48.6 | 1343.4
           Zot |   9.8 |  10.2 |   3.5 |  22.8 |  46.4 | 1346.6
         Abyss |   5.2 |   5.6 |   0.0 |   7.2 |   2.4 | 616.0
        Bailey |   0.7 |   0.8 |   0.0 |  17.5 |   0.2 | 502.0
               +-------+-------+-------+-------+-------+----------------------

Table legend:
 A = Kills in this place as a percentage of kills in entire the game.
 B = Kills by you in this place as a percentage of kills by you in the entire game.
 C = Kills by friends in this place as a percentage of kills by friends in the entire game.
 D = Other kills in this place as a percentage of other kills in the entire game.
 E = Experience gained in this place as a percentage of experience gained in the entire game.
 F = Experience gained in this place divided by the number of levels of this place that you have seen.
                   A       B       C       D       E      F
               +-------+-------+-------+-------+-------+----------------------
         Total | 100.0 | 100.0 | 100.0 | 100.0 | 100.0 | 31220.3
       Dungeon |  15.7 |  15.9 |   0.0 |  20.0 |   3.7 | 4877.7
          Lair |   6.9 |   7.0 |   0.0 |   0.0 |   2.7 | 8989.3
        Shoals |   6.1 |   5.6 |  86.4 |   0.0 |   5.3 | 26571.5
   Spider Nest |   8.5 |   8.4 |  13.6 |   0.0 |   4.8 | 24001.0
    Slime Pits |   2.4 |   2.4 |   0.0 |   0.0 |   3.3 | 13154.6
  Orcish Mines |   4.4 |   4.4 |   0.0 |   0.0 |   0.8 | 8338.5
        Vaults |  16.4 |  16.5 |   0.0 |  20.0 |  21.5 | 85845.4
         Crypt |   5.7 |   5.8 |   0.0 |   0.0 |   6.2 | 41557.3
          Tomb |   1.4 |   1.4 |   0.0 |   0.0 |   1.6 | 32312.0
        Depths |  11.2 |  11.3 |   0.0 |  40.0 |  15.6 | 62244.0
           Zot |   7.1 |   7.2 |   0.0 |  20.0 |  22.0 | 88065.8
         Abyss |  13.2 |  13.3 |   0.0 |   0.0 |  12.3 | 40966.7
        Bailey |   0.9 |   0.9 |   0.0 |   0.0 |   0.1 | 2696.0
               +-------+-------+-------+-------+-------+----------------------

Skill      XL: |  1  2  3  4  5  6  7  8  9 10 11 12 13 14 15 16 17 18 19 20 21 22 23 24 25 26 27 |
---------------+----------------------------------------------------------------------------------+-----
Throwing       | 1 2 3 4 5 6 7 8 9 11 | 11.0
Unarmed Combat | 4 5 6 7 8 10 11 13 14 16 18 20 21 22 23 24 25 26 27 | 27.0
Fighting       | 3 4 5 6 7 8 9 10 11 12 13 14 16 18 23 | 23.2
Invocations    | 3 5 6 7 8 |  8.0
Shields        | 3 6 8 10 11 12 13 14 15 | 15.0
Armour         | 3 5 7 9 11 12 13 14 15 17 19 23 | 23.8
Dodging        | |  2.4
Stealth        | |  1.0

Action                   |  1- 3 |  4- 6 |  7- 9 | 10-12 | 13-15 | 16-18 | 19-21 | 22-24 | 25-27 || total
-------------------------+-------+-------+-------+-------+-------+-------+-------+-------+-------++-------
Melee: Unarmed           |    67 |   102 |   211 |   403 |   357 |  1527 |  1150 |  1301 |  3003 ||  8121
       Punch             |     1 |     3 |     9 |    21 |    26 |       |       |       |       ||    60
Throw: Boomerang         |    25 |       |       |   153 |   325 |   213 |       |       |       ||   716
       Stone             |    27 |    58 |   180 |   182 |     2 |   353 |       |       |       ||   802
       Javelin           |    14 |    32 |    12 |    32 |       |   136 |       |       |       ||   226
       Dart              |       |    40 |    50 |     8 |       |    39 |    13 |     4 |       ||   154
       Large rock        |       |       |       |    16 |    70 |   292 |   269 |   323 |   534 ||  1504
Invok: Heroism           |       |       |     3 |    13 |     5 |     7 |    13 |    13 |    15 ||    69
       Finesse           |       |       |       |     5 |       |     5 |     7 |     9 |    10 ||    36
 Abil: Stop Flying       |       |       |       |       |       |       |       |     1 |       ||     1
       Evoke Flight      |       |       |       |       |       |       |       |     1 |       ||     1
Evoke: Wand              |       |       |       |       |       |     2 |       |       |     4 ||     6
       Phantom mirror    |       |       |       |       |       |       |     1 |     1 |       ||     2
  Use: Scroll            |       |     3 |    13 |    10 |     6 |    15 |     5 |     4 |    20 ||    76
       Potion            |       |       |       |       |     2 |     1 |     2 |     1 |    19 ||    25
 Stab: Sleeping          |       |       |       |     2 |       |       |       |       |       ||     2
       Held in net/web   |       |       |       |       |       |     1 |       |       |       ||     1
       Invisible         |       |       |       |       |       |     1 |       |       |       ||     1
       Distracted        |       |       |       |       |       |       |       |     3 |     3 ||     6
  Eat: Chunk             |    13 |    22 |    27 |    55 |    57 |   136 |    79 |    78 |   129 ||   596
       Ration            |       |       |       |       |       |     1 |       |       |    15 ||    16
Armor: Robe              |    34 |    23 |    59 |    87 |     1 |       |       |       |       ||   204
       Gold dragon scale |       |       |       |       |    75 |   726 |   281 |   327 |   859 ||  2268
       Troll leather arm |       |       |       |       |    38 |       |       |       |       ||    38
       Swamp dragon scal |       |       |       |       |       |    22 |       |       |       ||    22
Dodge: Dodged            |    40 |    32 |   158 |   219 |   151 |   192 |    58 |    96 |   299 ||  1245
Block: Large shield      |       |       |       |       |    36 |  1505 |  1003 |  1174 |  2680 ||  6398

Vanquished Creatures
  the Royal Jelly (Slime:5)
  5 orbs of fire
  Tiamat (Zot:1)
  8 ancient liches
  Mara (Vaults:4)
  Mennas (Vaults:4)
  A juggernaut (Depths:2)
  Sojobo (Depths:3)
  Frederick (Vaults:2)
  Xtahua (Vaults:3)
  Margery (Vaults:4)
  3 Killer Klowns (Zot:5)
  Saint Roka (Orc:2)
  7 golden dragons
  3 profane servitors
  6 bone dragons
  Nikola (Vaults:2)
  Arachne (Spider:4)
  3 electric golems
  18 tentacled monstrosities
  25 Orb Guardians
  5 quicksilver dragons
  Asterion (Vaults:1)
  8 liches
  20 acid blobs
  8 titans
  2 Executioners
  4 death cobs
  9 sphinxes
  3 krakens
  5 ancient champions
  11 shadow dragons
  Gastronok (D:10)
  14 tentacled starspawn
  5 storm dragons
  2 thorn hunters (Abyss:1)
  The ghost of Loge the Devastator, an adept DEFE of Sif Muna (Spider:1)
  4 revenants
  7 fire giants
  Kirke (Shoals:1)
  7 tengu reavers
  6 draconian monks
  A daeva (Abyss:4)
  An iron dragon (Depths:5)
  6 azure jellies
  7 draconian knights
  7 frost giants
  5 ghost moths
  9 vault wardens
  3 draconian stormcallers
  3 cacodemons
  12 ghouls
  A curse skull (Crypt:2)
  5 draconian scorchers
  4 emperor scorpions (Spider:4)
  2 orc warlords
  5 deep elf sorcerers
  An angel (Abyss:4)
  12 ironheart preservers
  11 draconian shifters
  Louise (Depths:4)
  7 reapers
  The ghost of mhoghedin the Destroyer, a journeyman DrCj of Vehumet (Spider:1)
  28 stone giants
  A spriggan defender (Depths:3)
  A deep elf elementalist (Depths:3)
  9 draconian annihilators
  14 black draconians
  2 war gargoyles
  28 very ugly things
  4 entropy weavers
  2 lorocyprocas
  2 deep elf annihilators
  16 green draconians
  3 vampire knights
  Azrael (D:14)
  A dire elephant (D:15)
  2 deep elf demonologists
  15 red draconians
  13 white draconians
  12 yellow draconians
  17 purple draconians
  5 spark wasps
  9 death oozes
  A blizzard demon (Abyss:3)
  18 ettins
  8 merfolk javelineers
  12 fire dragons
  11 eidola
  3 deep elf death magi
  Snorg (D:11)
  8 merfolk impalers
  2 mummy priests
  Josephine (D:10)
  6 jiangshi
  22 yaktaur captains
  5 deep elf high priests
  14 ogre magi
  18 great orbs of eyes
  36 vault guards
  Fannar (D:11)
  A quicksilver dragon zombie (Crypt:3)
  10 spriggan air magi
  7 hydras
  3 rakshasas
  12 centaur warriors
  6 merfolk avatars
  9 ice dragons
  A ghost crab (Crypt:2)
  5 death knights
  7 death yaks
  11 death scarabs (Tomb:1)
  40 two-headed ogres
  An alligator snapping turtle (Shoals:4)
  A hell hog (Abyss:3)
  31 small abominations
  4 satyrs (Shoals:4)
  9 merfolk aquamancers
  10 deep troll shamans
  10 deep troll earth magi
  7 tengu warriors
  17 thrashing horrors
  2 orc high priests (Depths:3)
  3 titan zombies
  6 spriggan berserkers
  4 vampire magi
  Urug (D:11)
  2 storm dragon zombies
  2 sun demons
  8 deep elf knights
  3 iron trolls
  6 spatial maelstroms
  6 soul eaters
  32 deep trolls
  4 sixfirhies
  2 golden dragon zombies
  A titan skeleton (Crypt:3)
  11 wretched stars
  16 hell knights
  2 shadow wraiths
  A deep troll (shapeshifter) (Depths:3)
  12 sea snakes
  2 unseen horrors
  22 skeletal warriors
  A death drake (Depths:5)
  31 large abominations
  An iron giant zombie (Crypt:2)
  A swamp dragon (Lair:6)
  A golden dragon skeleton (Crypt:3)
  4 glowing orange brains
  2 flayed ghosts
  3 wizards
  2 shadow dragon zombies
  5 deep elf archers
  2 lindwurms (Depths:5)
  17 necromancers
  18 phantasmal warriors
  Pikel (D:7)
  16 ironbrand convokers
  14 orc knights
  An anaconda skeleton (Abyss:2)
  29 harpies
  An iron dragon zombie (Crypt:3)
  A shadow dragon skeleton (Crypt:3)
  2 wolf spider zombies
  31 wolf spiders
  An oklob plant (Lair:5)
  A fire giant zombie (Crypt:3)
  2 stone giant zombies (Crypt:3)
  A mana viper (Abyss:4)
  A harpy (shapeshifter) (Depths:5)
  15 manticores
  22 orb spiders
  12 deep elf magi
  30 moths of wrath
  45 ugly things
  2 shining eyes (Slime:1)
  5 worldbinders
  A cyclops (shapeshifter) (Depths:4)
  16 fauns
  A salamander (D:15)
  8 orc sorcerers
  A sphinx skeleton (Crypt:2)
  2 stone giant skeletons
  6 cyclopes
  2 shock serpent zombies (Crypt:2)
  An iron dragon skeleton (Crypt:3)
  6 black mambas
  3 centaur zombies
  A guardian serpent (Abyss:5)
  18 elephants
  Joseph (D:8)
  4 merfolk sirens
  2 eyes of devastation
  A black mamba (shapeshifter) (Abyss:4)
  11 vault sentinels
  4 orange demons
  9 water nymphs
  3 hellions
  22 smoke demons
  A torpor snail (Spider:4)
  3 apocalypse crabs (Abyss:4)
  A fire giant skeleton (Crypt:3)
  A titan simulacrum (Abyss:4)
  6 spiny frogs
  A frost giant skeleton (Abyss:1)
  5 spectral swamp worms (Depths:2)
  2 gargoyles (D:14)
  A dire elephant skeleton (Tomb:1)
  4 rime drakes
  A catoblepas zombie (Crypt:1)
  A torpor snail (shapeshifter) (Depths:3)
  8 komodo dragons
  13 freezing wraiths
  An anaconda simulacrum (Abyss:4)
  2 yaktaurs (shapeshifter)
  5 guardian mummies
  An efreet (Abyss:4)
  An ice devil (Abyss:4)
  18 ancient zymes
  20 hellwings
  10 demonic crawlers
  4 tengu conjurers
  41 yaktaurs
  A sea snake zombie (Crypt:1)
  A silent spectre (Abyss:4)
  2 human skeletons
  2 hydra zombies
  18 merfolk
  A queen bee (shapeshifter) (Vaults:4)
  10 trolls
  A meliai (shapeshifter) (Vaults:2)
  A raiju (shapeshifter) (Vaults:4)
  12 wind drakes
  A hornet (shapeshifter) (Vaults:3)
  21 hornets
  2 harpy zombies
  A polar bear (Vaults:2)
  57 jumping spiders
  A slime creature (shapeshifter) (Vaults:4)
  Grinder (D:6)
  18 raiju
  18 blink frogs
  2 hippogriffs (shapeshifter)
  A bog body (Crypt:2)
  A harpy skeleton (D:13)
  17 hippogriffs
  2 ice dragon zombies
  66 slime creatures
  14 snapping turtles
  An ettin zombie (Crypt:3)
  A centaur simulacrum (D:15)
  2 redbacks (shapeshifter)
  5 spriggans
  16 flying skulls
  An ice dragon skeleton (Crypt:1)
  A tarantella (shapeshifter) (Abyss:4)
  2 black mamba zombies
  87 redbacks
  2 ushabtiu
  A fire dragon skeleton (Crypt:3)
  5 wyverns
  A vampire (D:13)
  65 starcursed masses
  10 ynoxinuls
  29 tarantellas
  10 water elementals
  20 wraiths
  2 shadows
  52 yaks
  An ettin skeleton (Crypt:2)
  4 hogs (Shoals:1)
  A human (shapeshifter) (Depths:5)
  A golden eye (shapeshifter) (Vaults:4)
  10 golden eyes
  10 chaos spawn
  Grum (Lair:1)
  10 basilisks
  6 neqoxecs
  A fire elemental (D:14)
  A steam dragon (shapeshifter) (Vaults:3)
  A steam dragon (Lair:6)
  A hungry ghost (D:11)
  8 vampire mosquitoes
  4 spatial vortices
  7 wargs
  A harpy simulacrum (D:15)
  2 acid dragons
  11 water moccasins
  A soldier ant (shapeshifter) (Depths:3)
  2 soldier ants
  4 floating eyes
  9 porcupines
  Duvessa (D:6)
  A spiny frog zombie (Crypt:3)
  5 hell hounds
  43 orc warriors
  2 spiny frog skeletons
  A swamp dragon zombie (Crypt:1)
  6 swamp drakes
  An eye of draining (Abyss:3)
  3 hornet zombies
  7 ice beasts
  4 sky beasts
  2 phantoms
  An ogre (shapeshifter) (Vaults:4)
  6 necrophages
  23 wolves
  24 boggarts
  A snapping turtle skeleton (Abyss:2)
  32 ogres
  A swamp dragon skeleton (Crypt:3)
  21 centaurs
  10 crocodiles
  3 big kobolds
  A human zombie (Vaults:1)
  24 bullfrogs
  A wyvern zombie (D:11)
  A salamander skeleton (Crypt:2)
  5 earth elementals
  6 wyvern skeletons
  A water moccasin skeleton (D:10)
  Dowan (D:6)
  6 scorpions
  A cyclops skeleton (Crypt:2)
  2 human simulacra
  4 killer bees
  17 wights
  A howler monkey (D:10)
  An electric eel (Spider:4)
  10 crimson imps
  2 quasits
  6 centaur skeletons
  9 hounds
  9 jellies
  13 orc priests
  4 iron imps
  44 orc wizards
  3 bullfrog skeletons
  10 iguanas
  7 worker ants
  A killer bee zombie (Crypt:1)
  A sky beast zombie (Crypt:2)
  6 mummies (Tomb:1)
  2 hound zombies
  A hound skeleton (D:4)
  2 worker ant zombies (D:11)
  12 gnolls
  14 adders
  A naga simulacrum (Abyss:4)
  7 shadow imps
  5 white imps
  3 ufetubi
  2 oozes
  An adder zombie (D:7)
  3 adder skeletons
  7 worms
  A barachi zombie (Crypt:2)
  A dart slug (D:2)
  5 leopard geckos
  130 orcs
  10 giant cockroaches
  9 goblins
  10 hobgoblins
  13 jackals
  6 quokkas
  A ball python (D:2)
  11 bats
  5 frilled lizards
  A hobgoblin skeleton (Crypt:2)
  A jackal zombie (Crypt:1)
  38 kobolds
  2 leopard gecko skeletons
  A quokka skeleton (Crypt:1)
  6 rats
  A spectral orc (D:5)
  6 crawling corpses
  3 plants
  4 starspawn tentacles
  14 tentacles
3031 creatures vanquished.

Vanquished Creatures (collateral kills)
  2 krakens (Shoals:3)
  2 harpies (Shoals:4)
  6 fauns
  A cyclops (Shoals:4)
  3 merfolk sirens
  2 merfolk
  A jumping spider (Spider:4)
  3 dream sheep (Shoals:4)
  2 redbacks (Spider:4)
  4 tentacles (Shoals:3)
26 creatures vanquished.

Vanquished Creatures (others)
  A purple draconian (Zot:3)
  A wizard (Depths:2)
  A wolf spider (Spider:4)
  2 fauns
  A hornet (Vaults:1)
  A swamp drake (Depths:5)
  A slave (D:7)
  A centaur (D:7)
  2 big kobolds (D:7)
  2 small abominations
  A wight (D:7)
  An orc (Vaults:5)
  5 kobolds (D:7)
  A briar patch (Abyss:1)
  2 fungi
  4 lurking horrors
  12 plants
  60 starspawn tentacles
  31 tentacles
130 creatures vanquished.

Grand Total: 3187 creatures vanquished
